 Dungeon Crawl Stone Soup version 0.30.1-11-g7821555f0a (webtiles) character file.

Game seed: 16794647153316001580

33128989 glosham the Politician (level 27, 249/249 HPs)
             Began as a Gnoll Hedge Wizard on Dec 29, 2023.
             Was the Champion of Cheibriados.
             Escaped with the Orb
             ... and 15 runes on Jan 15, 2024!
             The game lasted 1 day 11:17:29 (44690 turns).

glosham the Politician (Gnoll Hedge Wizard)    Turns: 44690, Time: 1 , 11:17:30

Health: 249/249    AC: 27    Str: 30    XL:     27
Magic:  72/72      EV: 42    Int: 51    God:    Cheibriados [******]
Gold:   1071       SH: 37    Dex: 29    Spells: 8/80 levels left

rFire   + + +        a - +3 Elemental Staff {rElec rF+ rC+ AC+3}
rCold   + . .        R - +8 tower shield {AC+3}
rNeg    . . .        X - +2 troll leather armour of Perfidy {rF+ Regen+ MP+9}
rPois   +            T - +2 hat of the Exiled Violins {MP+9 Int+7}
rElec   +            Y - scarf {harm}
rCorr   .            U - +1 pair of gloves {Str+3}
SInv    +            V - +3 pair of mountain boots {steadfast, rC+}
Will    ++++.        z - amulet of Vitality {RegenMP++ Regen++}
Stlth   ++++         A - ring "Vyishrae" {Will+ SInv}
HPRegen 3.01/turn    B - ring of Hotohomp {Fire Will+ Str+2 Int+4}
MPRegen 1.23/turn

%: harm (+30% outgoing, +20% incoming)
@: studying 10 skills, very slow
A: fangs 1, strong nose, distributed training, poison resistance
0: Orb of Zot
}: 15/15 runes: serpentine, barnacled, slimy, silver, golden, iron, obsidian,
icy, bone, abyssal, demonic, glowing, magical, fiery, dark
a: Renounce Religion, Bend Time, Temporal Distortion, Slouch, Step From Time


You escaped.
You worshipped Cheibriados.
Cheibriados was exalted by your worship.
You visited 18 branches of the dungeon, and saw 87 of its levels.
You visited Pandemonium 1 time, and saw 14 of its levels.
You visited the Abyss 2 times.
You completed 1 ziggurat, and saw 27 of its levels.
You also visited: Trove, Bailey, Wizlab and Desolation.

You collected 17417 gold pieces.
You spent 16346 gold pieces at shops.

Inventory:

Hand Weapons
 a - the +3 Elemental Staff (weapon) {rElec rF+ rC+ AC+3}
   (You took it off a tengu reaver on level 15 of the Dungeon)

   It enhances your fire, ice, earth and air magic.
   AC:        It affects your AC (+3).
   rF:        It protects you from fire.
   rC:        It protects you from cold.
   rElec:     It insulates you from electricity.
 J - the +9 demon blade of Brutal Revenge {vamp, rF+}
   (You found it on level 3 of the Tomb of the Ancients)

   rF:        It protects you from fire.
Missiles
 c - 35 boomerangs
 d - 3 silver boomerangs (quivered)
 e - 17 javelins
 h - 18 silver javelins
Armour
 N - a +2 cloak of willpower
 R - a +8 tower shield of protection (worn)
 T - the +2 hat of the Exiled Violins (worn) {MP+9 Int+7}
   (You acquired it on level 26 of a ziggurat)

   Int:       It affects your intelligence (+7).
   MP:        It affects your magic capacity (+9).
 U - a +1 pair of gloves of strength (worn)
 V - the +3 pair of mountain boots (worn) {steadfast, rC+}
   (You found it on level 27 of a ziggurat)

   Steadfast: It prevents involuntary movement, except for blinking,
   teleportation, or banishment.
   rC:        It protects you from cold.
 X - the +2 troll leather armour of Perfidy (worn) {rF+ Regen+ MP+9}
   (You found it on level 10 of the Dungeon)

   rF:        It protects you from fire.
   MP:        It affects your magic capacity (+9).
   Regen:     It increases your rate of health regeneration.
 Y - a scarf of harm (worn)
Magical Staves
 O - the staff of air "Fehat" {Fly rElec rCorr}
   (You found it on level 7 of Cocytus)

   [staff of air]

   Base accuracy: +5 Base damage: 5 Base attack delay: 1.2 This weapon's minimum
   attack delay (0.6) is reached at skill level 12.
   rElec:     It insulates you from electricity.
   Fly:       It grants you flight.
   rCorr:     It protects you from acid and corrosion.
   It falls into the 'Staves' category.
   It is a one-handed weapon.
 Q - the staff of poison "Lorchon" {rPois rCorr Int+2 SInv}
   (You found it on level 7 of Cocytus)

   [staff of poison]

   Base accuracy: +5 Base damage: 5 Base attack delay: 1.2 This weapon's minimum
   attack delay (0.6) is reached at skill level 12.
   Int:       It affects your intelligence (+2).
   rPois:     It protects you from poison.
   SInv:      It lets you see invisible.
   rCorr:     It protects you from acid and corrosion.
   It falls into the 'Staves' category.
   It is a one-handed weapon.
Jewellery
 z - the amulet of Vitality (around neck) {RegenMP++ Regen++}
   (You found it on level 13 of the Dungeon)

   [amulet of magic regeneration]

   It increases your rate of magic regeneration.
   Regen:     It increases your rate of health regeneration.
 A - the ring "Vyishrae" (left hand) {Will+ SInv}
   (You found it on level 27 of a ziggurat)

   [ring of see invisible]

   SInv:      It lets you see invisible.
   Will:      It increases your willpower.
 B - the ring of Hotohomp (right hand) {Fire Will+ Str+2 Int+4}
   (You found it on level 14 of a ziggurat)

   [ring of fire]

   It enhances your fire magic.
   Str:       It affects your strength (+2).
   Int:       It affects your intelligence (+4).
   rF:        It protects you from fire.
   rC:        It makes you vulnerable to cold.
   Will:      It increases your willpower.
 F - the ring "Zeumyll" {+Blink Fly Str-5 SInv}
   (You found it on level 13 of a ziggurat)

   [ring of flight]

   Str:       It affects your strength (-5).
   SInv:      It lets you see invisible.
   Fly:       It grants you flight.
   +Blink:    It lets you blink.
 K - the ring of Starshine {Wiz rElec rPois MP+9}
   (You found it in Pandemonium)

   [ring of wizardry]

   It improves your spell success rate.
   rElec:     It insulates you from electricity.
   rPois:     It protects you from poison.
   MP:        It affects your magic capacity (+9).
 P - the ring "Goudi" {Wiz rC+ Str+3 Int+2}
   (You found it on level 6 of a ziggurat)

   [ring of wizardry]

   It improves your spell success rate.
   Str:       It affects your strength (+3).
   Int:       It affects your intelligence (+2).
   rC:        It protects you from cold.
 S - the ring "Suahiesul" {rElec rPois rCorr Dex+6}
   (You found it on level 21 of a ziggurat)

   [ring of dexterity]

   Dex:       It affects your dexterity (+6).
   rElec:     It insulates you from electricity.
   rPois:     It protects you from poison.
   rCorr:     It protects you from acid and corrosion.
 W - the ring of Totaghex {Will++ Str+6 Stlth+}
   (You bought it in a shop on level 3 of the Dungeon)

   [ring of strength]

   Str:       It affects your strength (+6).
   Will:      It greatly increases your willpower.
   Stlth:     It makes you more stealthy.
 Z - the ring "Tihob" {rF+ Int+6 Dex+3 Slay+2}
   (You bought it in a shop on level 3 of the Dungeon)

   [ring of protection from fire]

   Int:       It affects your intelligence (+6).
   Dex:       It affects your dexterity (+3).
   Slay:      It affects your accuracy & damage with ranged weapons and melee
   (+2).
   rF:        It protects you from fire.
Wands
 f - a wand of flame (148)
 g - a wand of digging (23)
 i - a wand of roots (125)
 j - a wand of quicksilver (82)
Scrolls
 b - 15 scrolls of immolation
 k - 47 scrolls of teleportation
 l - a scroll of blinking
 m - 18 scrolls of fog
 n - 18 scrolls of fear
 o - a scroll of magic mapping
 p - 6 scrolls of butterflies
 M - 6 scrolls of amnesia
Potions
 q - 3 potions of ambrosia
 r - 28 potions of curing
 s - 25 potions of heal wounds
 t - 6 potions of magic
 u - 4 potions of resistance
 v - 11 potions of brilliance
 w - 15 potions of invisibility
 x - 26 potions of might
 y - 12 potions of cancellation
 C - 18 potions of flight
 D - 16 potions of attraction
 I - 34 potions of mutation
Miscellaneous
 E - a lightning rod (4/4)
 G - a phial of floods
 H - a tin of tremorstones (2/2)
 L - 2 +1 figurines of a ziggurat


   Skills:
 O Level 27 Fighting
 O Level 27 Short Blades
 O Level 27 Long Blades
 O Level 27 Axes
 O Level 27 Maces & Flails
 O Level 27 Polearms
 O Level 27 Staves
 O Level 27 Ranged Weapons
 O Level 27 Throwing
 O Level 27 Armour
 O Level 27 Dodging
 O Level 27 Stealth
 O Level 27 Shields
 O Level 27 Unarmed Combat
 O Level 27 Spellcasting
 + Level 26.9 Conjurations
 + Level 26.8 Hexes
 + Level 26.9 Summonings
 O Level 27 Necromancy
 + Level 26.9 Translocations
 O Level 27 Transmutations
 O Level 27 Fire Magic
 + Level 26.8 Ice Magic
 + Level 26.8 Air Magic
 O Level 27 Earth Magic
 + Level 26.8 Poison Magic
 O Level 27 Invocations
 O Level 27 Evocations


You had 8 spell levels left.
You knew the following spells:

 Your Spells              Type           Power      Damage    Failure   Level
a - Apportation           Tloc           100%       N/A       0%          1
b - Blink                 Tloc           100%       N/A       0%          2
g - Passage of Golubria   Tloc           100%       N/A       0%          4
i - Ignition              Fire           100%       3d25      0%          8
m - Sublimation of Blood  Necr           100%       N/A       0%          2
n - Necromutation         Tmut/Necr      74%        N/A       0%          8
s - Shatter               Erth           87%        3d63*     1%          9
t - Polar Vortex          Ice            87%        N/A       1%          9
v - Vhi's Electric Charg  Tloc/Air       100%       N/A       0%          3
w - Fire Storm            Conj/Fire      100%       8d25      1%          9
J - Disjunction           Tloc           74%        N/A       0%          8
Y - Death's Door          Necr           74%        N/A       1%          9

Your spell library contained the following spells:

 Spells                   Type           Power      Damage    Failure   Level
 Beastly Appendage        Tmut           100%       N/A       0%          1
 Foxfire                  Conj/Fire      100%       2x1d9     0%          1
 Freeze                   Ice            100%       1d10      0%          1
 Kiss of Death            Conj/Necr      100%       2d13      0%          1
 Magic Dart               Conj           100%       1d8       0%          1
 Necrotise                Necr           100%       1d9       0%          1
 Sandblast                Erth           100%       2d20      0%          1
 Shock                    Conj/Air       100%       1d9       0%          1
 Slow                     Hex            100%       N/A       0%          1
 Sting                    Tmut/Pois      100%       1d8       0%          1
 Summon Small Mammal      Summ           100%       N/A       0%          1
 Call Imp                 Summ           100%       N/A       0%          2
 Cigotuvi's Dreadful Rot  Necr/Pois/Air  100%       N/A       0%          2
 Ensorcelled Hibernation  Hex/Ice        100%       N/A       0%          2
 Lesser Beckoning         Tloc           100%       N/A       0%          2
 Momentum Strike          Conj/Tloc      100%       3d10      0%          2
 Passwall                 Tmut/Erth      100%       N/A       0%          2
 Poisonous Vapours        Pois/Air       100%       N/A       0%          2
 Scorch                   Fire           100%       2d9       0%          2
 Searing Ray              Conj           100%       2d8       0%          2
 Static Discharge         Conj/Air       100%       2-7/arc   0%          2
 Wereblood                Tmut           100%       N/A       0%          2
 Call Canine Familiar     Summ           100%       N/A       0%          3
 Confusing Touch          Hex            100%       N/A       0%          3
 Dazzling Flash           Conj/Hex       100%       N/A       0%          3
 Frozen Ramparts          Ice            100%       1d16      0%          3
 Gell's Gravitas          Tloc           100%       N/A       0%          3
 Hailstorm                Conj/Ice       100%       3d20      0%          3
 Ignite Poison            Fire/Tmut/Pois 100%       N/A       0%          3
 Inner Flame              Hex/Fire       100%       N/A       0%          3
 Mephitic Cloud           Conj/Pois/Air  100%       N/A       0%          3
 Ozocubu's Armour         Ice            100%       N/A       0%          3
 Portal Projectile        Hex/Tloc       100%       N/A       0%          3
 Spider Form              Tmut/Pois      100%       N/A       0%          3
 Stone Arrow              Conj/Erth      100%       3d13      0%          3
 Summon Guardian Golem    Hex/Summ       100%       N/A       0%          3
 Swiftness                Air            100%       N/A       0%          3
 Teleport Other           Tloc           100%       N/A       0%          3
 Tukima's Dance           Hex            100%       N/A       0%          3
 Vampiric Draining        Necr           100%       2d13      0%          3
 Airstrike                Air            87%        2d(13-29) 0%          4
 Anguish                  Hex/Necr       74%        N/A       0%          4
 Animate Armour           Summ/Erth      100%       N/A       0%          4
 Animate Dead             Necr           100%       N/A       0%          4
 Cause Fear               Hex            74%        N/A       0%          4
 Dispel Undead            Necr           100%       3d31      0%          4
 Flame Wave               Conj/Fire      100%       2d21      0%          4
 Fulminant Prism          Conj/Hex       74%        3d30      0%          4
 Ice Form                 Ice/Tmut       100%       N/A       0%          4
 Iskenderun's Mystic Bla  Conj/Tloc      100%       2d19      0%          4
 Leda's Liquefaction      Hex/Erth       87%        N/A       0%          4
 Manifold Assault         Tloc           100%       N/A       0%          4
 Olgreb's Toxic Radiance  Pois           100%       N/A       0%          4
 Petrify                  Tmut/Erth      100%       N/A       0%          4
 Sticky Flame             Conj/Fire      100%       2d11      0%          4
 Summon Ice Beast         Ice/Summ       100%       N/A       0%          4
 Summon Lightning Spire   Summ/Air       100%       N/A       0%          4
 Agony                    Necr           100%       N/A       0%          5
 Alistair's Intoxication  Tmut/Pois      98%        N/A       0%          5
 Arcjolt                  Conj/Air       87%        1d97      0%          5
 Blade Hands              Tmut           74%        N/A       0%          5
 Borgnjor's Vile Clutch   Necr/Erth      87%        N/A       0%          5
 Fireball                 Conj/Fire      100%       3d36      0%          5
 Freezing Cloud           Conj/Ice/Air   100%       6-21      0%          5
 Irradiate                Conj/Tmut      74%        3d36      0%          5
 Iskenderun's Battlesphe  Conj           100%       2d15      0%          5
 Lee's Rapid Deconstruct  Erth           87%        3d39*     0%          5
 Metabolic Englaciation   Hex/Ice        87%        N/A       0%          5
 Silence                  Hex/Air        87%        N/A       0%          5
 Summon Forest            Summ/Tloc      74%        N/A       0%          5
 Summon Mana Viper        Hex/Summ       100%       N/A       0%          5
 Yara's Violent Unravell  Hex/Tmut       74%        3d27      0%          5
 Conjure Ball Lightning   Conj/Air       87%        3x3d33    0%          6
 Death Channel            Necr           74%        N/A       0%          6
 Dispersal                Tloc           74%        N/A       0%          6
 Eringya's Noxious Bog    Tmut/Pois      74%        N/A       0%          6
 Iron Shot                Conj/Erth      87%        9d16      0%          6
 Plasma Beam              Fire/Air       100%       2x1d131   0%          6
 Simulacrum               Ice/Necr       87%        N/A       0%          6
 Starburst                Conj/Fire      100%       6d25      0%          6
 Statue Form              Tmut/Erth      100%       N/A       0%          6
 Summon Cactus Giant      Summ           74%        N/A       0%          6
 Dragon Form              Tmut           74%        N/A       0%          7
 Enfeeble                 Hex            74%        N/A       0%          7
 Haunt                    Necr/Summ      74%        N/A       0%          7
 Malign Gateway           Summ/Tloc      74%        N/A       0%          7
 Monstrous Menagerie      Summ           74%        N/A       0%          7
 Orb of Destruction       Conj           74%        9d17      0%          7
 Ozocubu's Refrigeration  Ice            87%        4d26      0%          7
 Spellforged Servitor     Conj/Summ      74%        N/A       0%          7
 Storm Form               Tmut/Air       87%        N/A       0%          7
 Summon Hydra             Summ           74%        N/A       0%          7
 Infestation              Necr           74%        N/A       0%          8
 Lehudib's Crystal Spear  Conj/Erth      87%        10d19     0%          8
 Maxwell's Capacitive Co  Air            87%        ∞         0%          8
 Summon Horrible Things   Summ           74%        N/A       0%          8
 Chain Lightning          Conj/Air       87%        3d116     1%          9
 Dragon's Call            Summ           74%        N/A       1%          9


Dungeon Overview and Level Annotations

Branches:
Dungeon (15/15)            Temple (1/1) D:5            Lair (5/5) D:10
 Shoals (4/4) Lair:3        Snake (4/4) Lair:3        Slime (5/5) Lair:5
    Orc (2/2) D:11            Elf (3/3) Orc:2        Vaults (5/5) D:13
  Crypt (3/3) Vaults:2       Tomb (3/3) Crypt:3      Depths (4/4) D:15
   Hell (visited)             Dis (7/7) Hell            Geh (7/7) Hell
    Coc (7/7) Hell            Tar (7/7) Hell            Zot (5/5) Depths:4
 Bailey (visited)          WizLab (visited)         Desolation (visited)

Altars:
Ashenzari
Cheibriados
Elyvilon
Kikubaaqudgha
Sif Muna
Trog
Uskayaw
Wu Jian
Yredelemnul
Zin
Jiyva

Shops:
D:3 =   D:14 :   Orc:1 (   Orc:2 =[(:   Shoals:2 :   Shoals:3 :   Vaults:3 !(
Vaults:5 ![   Depths:1 *(   Depths:2 (*=?   Depths:4 ?*[

Portals:
Hell: Depths:1 Depths:2 Depths:3 Depths:4
Abyss: Depths:3
Pandemonium: Depths:1 Depths:2


Innate Abilities, Weirdness & Mutations

You have very sharp teeth.
Your uncanny sense of smell can sniff out nearby items.
Your experience applies equally to all skills.
Your system is resistant to poisons. (rPois)


Message History

Blink to where?
Press: ? - help, Dir - move target
As you read the scroll of blinking, it crumbles to dust.
You climb upwards.
There is a stone staircase leading down here.
Aiming: Dig
Press: ? - help, Shift-Dir - straight line, f - you Please select a direction to dig.
A stone staircase leading down.
This square is covered in magical glow.
The rock shatters into small pieces.
Blink to where?
Press: ? - help, Dir - move target
As you read the scroll of blinking, it crumbles to dust.
You climb upwards.
There is a stone staircase leading down here.
Aiming: Dig
Press: ? - help, Shift-Dir - straight line You can't see that place. [a rock wall.]
The rock shatters into small pieces.
Blink to where?
Press: ? - help, Dir - move target
As you read the scroll of blinking, it crumbles to dust.
Aiming: Dig
Press: ? - help, Shift-Dir - straight line A rock wall.
This square is covered in magical glow.
The rock shatters into small pieces.
Blink to where?
Press: ? - help, Dir - move target
As you read the scroll of blinking, it crumbles to dust.
Aiming: Dig
Press: ? - help, Shift-Dir - straight line You can't see that place. [the floor.]
The rock shatters into small pieces.
Blink to where?
Press: ? - help, Dir - move target
As you read the scroll of blinking, it crumbles to dust.
You have escaped!

##.# #.# ######.... #.# ##.#
#......... #######.####### #.#
#......... ##.............###.#
#......... .....#######.......###
#.........
..###.......###......###......)..
##.............##.....##...#####.
.....#######......#...##...# #.
...### ###..@..#(..#...#####'
..## ##....#...#...#..... ..##
##....#...#####..... ...###
###.....#...#####.....
.....#######......#...##...'.....
##.............###....##.###..)..
..###.......###......###.#.......
.....#######.......###...........
##.............#####...#.###.....


There were no monsters in sight!

Vanquished Creatures
  Cerebov (Pan)
  Asmodeus (Geh:7)
  Antaeus (Coc:7)
  the Royal Jelly (Slime:5)
  Dissolution (Slime:3)
  Gloorx Vloq (Pan)
  Ignacio (Pan)
  Mnoleg (Pan)
  6 dread liches
  12 ancient liches
  Dispater (Dis:7)
  Mennas (Crypt:3)
  7 orbs of fire
  21 juggernauts
  43 royal mummies
  The ghost of Rino the Conqueror, a legendary DsGl of Qazlal (Zot:3)
  7 Killer Klowns
  Bai Suzhen (Crypt:3)
  Frederick (Depths:4)
  13 shard shrikes
  4 curse toes
  Nikola (Shoals:1)
  38 caustic shrikes
  Geryon (Hell)
  3 profane servitors
  6 pandemonium lords
  26 golden dragons
  11 bone dragons
  12 Brimstone Fiends
  6 Tzitzimimeh
  A Cloud Mage (WizLab)
  A shard shrike zombie (Geh:4)
  7 doom hounds
  26 iron giants
  5 electric golems
  40 tentacled monstrosities
  6 hellephants
  31 Hell Sentinels
  Jorgrun (D:14)
  9 tainted leviathans
  25 Orb Guardians (Zot:5)
  20 titans
  32 Ice Fiends
  12 searing wretches
  11 quicksilver dragons
  A walking frostbound tome (Depths:3)
  A walking earthen tome (Depths:1)
  Asterion (Vaults:3)
  14 liches
  A deep elf blademaster (Elf:3)
  A kraken (Shoals:2)
  A deep elf master archer (Elf:3)
  24 Executioners
  8 death cobs
  46 acid blobs
  11 tentacled starspawn
  40 ancient champions
  16 shadow dragons
  Frances (Shoals:1)
  13 draconian monks
  Roxanne (Shoals:1)
  14 sphinxes
  15 draconian knights
  15 tengu reavers
  A fenstrider witch (shapeshifter) (Zig:6)
  6 nagarajas (Snake:4)
  14 storm dragons
  A thorn hunter (Zig:10)
  16 rockslimes
  An azure jelly (shapeshifter) (Vaults:5)
  16 revenants
  9 demonspawn warmongers
  22 fire giants
  11 narguns
  11 iron dragons
  16 azure jellies
  35 balrugs
  6 deep elf sorcerers (Elf:3)
  5 ghost moths
  28 frost giants
  15 draconian shifters
  3 spectral caustic shrikes
  A spectral juggernaut (Tar:7)
  An imperial myrmidon (Desolation)
  A juggernaut zombie (Abyss:5)
  15 quicksilver elementals
  15 vault wardens
  A ghost moth (shapeshifter) (Depths:3)
  2 angels
  6 orc warlords
  18 draconian stormcallers
  21 draconian annihilators
  26 draconian scorchers
  7 shard shrike simulacra
  6 deep elf elementalists (Elf:3)
  14 ironbound preservers
  6 demonspawn corrupters
  7 curse skulls
  19 cacodemons
  3 spriggan defenders
  22 stone giants
  6 demonspawn blood saints
  45 war gargoyles
  37 very ugly things
  10 reapers
  6 eleionomae
  19 quicksilver oozes
  5 ironbound thunderhulks
  2 ophanim (Abyss:5)
  A juggernaut skeleton (Crypt:3)
  21 elemental wellsprings
  7 putrid mouths
  17 vampire knights
  11 black draconians
  13 green draconians
  A halazid warlock (Desolation)
  15 demonspawn black suns
  3 bunyips
  17 purple draconians
  The ghost of ciphuk the Brawler, a journeyman TrMo of Ru (D:12)
  18 white draconians
  9 deep elf annihilators
  17 red draconians
  19 dire elephants
  20 lorocyprocas
  16 wendigos
  6 bennus
  3 deep elf demonologists (Elf:3)
  31 starcursed masses
  21 iron golems
  11 yellow draconians
  15 eidola
  4 spark wasps
  33 blizzard demons
  A crystal guardian (Desolation)
  The ghost of Tamtam the Zephyrmancer, a journeyman TeAE of Vehumet (Lair:4)
  7 shambling mangroves
  Josephine (D:14)
  16 yaktaur captains
  23 green deaths
  8 merfolk javelineers
  14 ettins
  8 merfolk impalers
  2 entropy weavers
  9 deep elf death magi
  28 mummy priests
  9 fire dragons
  16 great orbs of eyes
  A quicksilver dragon zombie (Crypt:1)
  16 jiangshi
  4 deep elf high priests
  A quicksilver dragon skeleton (Tomb:3)
  7 rakshasas
  2 hell beasts
  A spectral spriggan (Tar:5)
  36 vault guards
  6 ragged hierophants (Desolation)
  13 caustic shrike simulacra
  13 salamander tyrants
  23 hydras
  5 servants of whispers (Desolation)
  5 ogre magi
  9 peacekeepers
  An alligator snapping turtle (shapeshifter) (Zig:6)
  11 juggernaut simulacra
  4 merfolk avatars
  12 ice dragons
  A fenstrider witch skeleton (Crypt:3)
  5 ironbound frosthearts
  13 spriggan air magi
  An elf skeleton (Crypt:1)
  9 merfolk aquamancers
  2 catoblepae
  3 alligator snapping turtles (Shoals:4)
  5 ghost crabs
  11 anacondas
  7 two-headed ogres
  4 stokers
  5 boulder beetles
  15 centaur warriors
  2 death knights
  A satyr (Shoals:2)
  4 deep troll shamans
  3 alligators
  15 naga warriors
  15 death yaks
  37 dancing weapons
  7 tengu warriors
  91 death scarabs
  13 hell hogs
  An orc high priest (Zig:18)
  8 naga sharpshooters
  7 shock serpents
  17 vampire magi
  4 deep troll earth magi
  Urug (D:10)
  9 spriggan berserkers
  A spectral naga (Tar:4)
  6 thrashing horrors
  23 hell knights
  21 soul eaters
  23 deep elf knights
  30 sun demons
  4 wretched stars
  3 fire crabs (D:15)
  A titan skeleton (Pan)
  A fire crab (shapeshifter) (Elf:3)
  5 salamander mystics
  A storm dragon zombie (Crypt:1)
  16 shadow wraiths
  16 crystal echidnas
  A goliath frog (shapeshifter) (D:13)
  9 iron trolls
  3 spatial maelstroms (Zig:24)
  5 goliath frogs
  7 skysharks
  18 sea snakes
  34 skeletal warriors
  11 sixfirhies
  A skyshark (shapeshifter) (Zig:6)
  A sea snake (shapeshifter) (Zig:6)
  3 spriggan druids
  15 shadow demons
  An anaconda zombie (Crypt:3)
  32 deep trolls
  An orb spider (shapeshifter) (Vaults:5)
  14 death drakes
  A spectral anaconda (Tar:7)
  2 kraken simulacra
  14 flayed ghosts
  11 deep elf archers
  6 quicksilver dragon simulacra
  7 glowing orange brains
  2 cherubim (Abyss:5)
  28 ironbound convokers
  A storm dragon skeleton (D:15)
  5 spriggan simulacra
  3 lindwurms (Vaults:1)
  22 swamp dragons
  4 bog bodies
  23 harpies
  An anaconda skeleton (Hell)
  6 naga ritualists
  10 phantasmal warriors
  2 obsidian statues
  An iron dragon zombie (D:15)
  2 fire giant zombies (Geh:4)
  11 mana vipers
  24 deep elf zephyrmancers
  15 orc knights
  15 cyclopes
  34 deep elf pyromancers
  16 shining eyes
  12 necromancers
  2 shadow dragon zombies
  6 wizards
  A stone giant zombie (Tomb:1)
  A golden dragon skeleton (D:15)
  31 ugly things
  19 manticores
  A human zombie (Vaults:4)
  9 orc sorcerers
  7 will-o-the-wisps
  25 large abominations
  14 salamanders
  A spectral ettin (Tar:7)
  12 fauns
  A shadow dragon skeleton (Zig:8)
  12 elephants
  Maurice (Orc:2)
  A jorogumo skeleton (Crypt:2)
  30 moths of wrath
  A worldbinder (Zig:24)
  A toenail golem (Zig:26)
  51 black mambas
  4 merfolk sirens
  9 guardian serpents
  16 orange demons
  5 ice statues
  13 naga magi
  11 demonic crawlers
  7 apocalypse crabs
  13 vault sentinels
  A fire giant skeleton (Geh:4)
  A human skeleton (Vaults:4)
  13 rust devils
  38 smoke demons
  14 water nymphs
  13 molten gargoyles
  An emperor scorpion simulacrum (Coc:2)
  5 gargoyles
  3 torpor snails
  10 eyes of devastation
  2 frost giant skeletons
  A centaur skeleton (Tomb:2)
  4 titan simulacra
  A dire elephant skeleton (Crypt:1)
  21 cane toads
  22 hellions
  18 komodo dragons
  4 efreet
  An unseen horror zombie (Crypt:1)
  4 freezing wraiths
  2 kobold demonologists (D:12)
  30 yaktaurs
  A catoblepas zombie (Crypt:1)
  3 rime drakes
  A swamp worm zombie (Crypt:3)
  A minotaur skeleton (Crypt:1)
  3 bunyip simulacra (Coc:2)
  2 ancient zymes
  57 guardian mummies
  9 anaconda simulacra
  19 tormentors
  3 harpy zombies
  6 tengu conjurers
  3 hydra zombies (Hell)
  2 spectral harpies
  5 red devils
  8 ice devils
  An iron giant simulacrum (Coc:5)
  7 trolls
  4 tyrant leeches
  A polar bear (Zig:14)
  A wind drake (shapeshifter) (Vaults:5)
  27 merfolk
  A troll (shapeshifter) (D:12)
  20 hellwings
  30 blink frogs
  11 wind drakes
  A hornet (shapeshifter) (D:13)
  6 raiju
  A harpy skeleton (Tomb:2)
  55 saltlings
  An ettin zombie (Crypt:3)
  2 stone giant simulacra
  21 hornets
  A fire dragon zombie (Crypt:2)
  9 dream sheep
  11 snapping turtles
  3 spriggan zombies
  181 slime creatures
  A hydra skeleton (Crypt:1)
  3 centaur simulacra
  3 shadows
  11 air elementals
  A snapping turtle (shapeshifter) (Vaults:1)
  32 flying skulls
  6 wyverns
  14 spriggans
  2 yaks (shapeshifter)
  A wyvern (shapeshifter) (Vaults:5)
  4 dire elephant simulacra
  A vampire (D:12)
  2 naga simulacra
  A tyrant leech zombie (Crypt:3)
  20 water elementals
  15 ushabtiu
  15 wraiths
  6 ynoxinuls
  4 fire bats (Depths:1)
  19 golden eyes
  21 neqoxecs
  27 yaks
  An alligator snapping turtle simulacrum (Shoals:4)
  4 steam dragons
  2 fire elementals
  2 basilisks
  A death yak simulacrum (Shoals:4)
  3 sea snake simulacra (Shoals:4)
  A hog (shapeshifter) (D:13)
  A redback (shapeshifter) (Vaults:5)
  10 vampire mosquitoes
  4 redbacks
  19 harpy simulacra
  5 chaos spawn
  44 nagas
  A glowing shapeshifter zombie (Vaults:4)
  A demonspawn zombie (Crypt:3)
  9 wargs
  A swamp worm (shapeshifter) (Vaults:5)
  3 hydra simulacra
  2 small abominations (Abyss:1)
  2 floating eyes
  3 acid dragons
  A fire bat skeleton (Crypt:2)
  13 water moccasins
  A floating eye (shapeshifter) (Vaults:5)
  A black bear (D:4)
  An alligator simulacrum (Hell)
  4 hell hounds
  5 swamp drakes
  2 naga skeletons
  55 orc warriors
  6 ettin simulacra
  3 ice beasts
  20 ogres
  A tengu (shapeshifter) (Elf:3)
  A blink frog zombie (Crypt:2)
  7 boggarts
  3 wolves (Lair:5)
  7 centaurs
  4 kobold brigands
  19 bullfrogs
  A bullfrog (shapeshifter) (D:12)
  4 earth elementals
  A draconian skeleton (Crypt:2)
  A gnoll sergeant (Orc:1)
  A scorpion (D:6)
  A scorpion (shapeshifter) (D:12)
  A human simulacrum (Zig:9)
  3 faun simulacra (Shoals:4)
  5 wights (D:7)
  A merfolk simulacrum (Shoals:4)
  A salamander skeleton (Crypt:2)
  18 killer bees
  3 snapping turtle simulacra (Shoals:4)
  An electric eel (Lair:5)
  4 spriggan skeletons
  6 howler monkeys
  3 crimson imps (Zig:27)
  15 orc priests
  A black bear zombie (Crypt:1)
  A quasit (Abyss:1)
  2 jellies
  5 cyclops simulacra (Shoals:4)
  2 hounds (D:6)
  3 sleepcaps
  6 iguanas
  A basilisk skeleton (Crypt:2)
  20 orc wizards
  A boggart skeleton (Crypt:1)
  A deep dwarf zombie (Crypt:3)
  52 mummies
  12 gnolls
  2 gnolls (shapeshifter) (D:12)
  6 adders
  A shadow imp (D:7)
  A white imp (Coc:5)
  An ufetubus (D:7)
  A worm zombie (Crypt:3)
  A lava snake skeleton (Crypt:1)
  3 worms
  A worm (shapeshifter) (Vaults:5)
  7 dart slugs
  75 orcs
  9 endoplasms
  4 giant cockroaches
  2 hobgoblins
  3 quokkas
  8 ball pythons
  4 bats
  A dart slug zombie (Crypt:1)
  2 frilled lizards (D:2)
  6 goblins
  A hobgoblin zombie (Crypt:3)
  15 kobolds
  5 rats
  A rat zombie (Crypt:3)
  17 butterflies
  2 creeping infernos
  27 fire vortices
  2 starspawn tentacles
4661 creatures vanquished.

Vanquished Creatures (collateral kills)
  A lich (Zig:24)
  An acid blob (Zig:24)
  Aizul (Shoals:1)
  A two-headed ogre (D:14)
  A shock serpent (Snake:1)
  A thrashing horror (Zig:24)
  A sea snake (Shoals:1)
  A salamander (shapeshifter) (D:12)
  2 ugly things (D:12)
  A merfolk siren (Shoals:1)
  A salamander (Snake:1)
  A naga mage (Snake:1)
  2 slime creatures (Slime:5)
  A yak (D:9)
  A vampire (D:11)
  A neqoxec (Zig:24)
  A naga (Snake:1)
  A killer bee (D:8)
  A jelly (D:6)
  11 starcursed masses (Zig:24)
  2 gnolls (Bailey)
  2 starspawn tentacles
36 creatures vanquished.

Vanquished Creatures (others)
  An iron giant (Dis:6)
  A draconian monk (Zig:22)
  A red draconian (Zig:12)
  A two-headed ogre (D:14)
  2 juggernaut simulacra (Coc:7)
  A cyclops (Shoals:1)
  A dire elephant simulacrum (Coc:7)
  A yak (D:9)
  A naga (Snake:2)
  An acid dragon (D:13)
  A killer bee (D:9)
  2 gnolls (Bailey)
  3 ball lightnings (Pan)
  128 fire vortices
  8 foxfires
  A lurking horror (Abyss:5)
  17 starspawn tentacles
  4 tentacles (Shoals:2)
175 creatures vanquished.

Grand Total: 4872 creatures vanquished

Notes
Turn   | Place    | Note
-------+----------+-------------------------------------------
     0 | D:1      | glosham the Gnoll Hedge Wizard began the quest for the Orb.
     0 | D:1      | Reached XP level 1. HP: 13/13 MP: 8/8
   139 | D:1      | Reached XP level 2. HP: 19/19 MP: 2/10
   480 | D:1      | Learned a level 2 spell: Blink
   806 | D:1      | Reached XP level 3. HP: 25/25 MP: 11/11
   812 | D:1      | Learned a level 3 spell: Mephitic Cloud
   911 | D:2      | Reached skill level 1 in Invocations
  1091 | D:2      | Reached skill level 1 in Fighting
  1091 | D:2      | Reached skill level 1 in Short Blades
  1091 | D:2      | Reached skill level 1 in Long Blades
  1091 | D:2      | Reached skill level 1 in Axes
  1091 | D:2      | Reached skill level 1 in Maces & Flails
  1091 | D:2      | Reached skill level 1 in Polearms
  1091 | D:2      | Reached skill level 1 in Staves
  1091 | D:2      | Reached skill level 1 in Ranged Weapons
  1091 | D:2      | Reached skill level 1 in Throwing
  1091 | D:2      | Reached skill level 1 in Armour
  1091 | D:2      | Reached skill level 1 in Shields
  1091 | D:2      | Reached skill level 1 in Unarmed Combat
  1091 | D:2      | Reached skill level 1 in Evocations
  1188 | D:2      | Reached XP level 4. HP: 32/32 MP: 10/13
  1243 | D:1      | Learned a level 1 spell: Shock
  1324 | D:4      | Noticed a black bear
  1408 | D:4      | Reached skill level 1 in Hexes
  1408 | D:4      | Reached skill level 1 in Necromancy
  1408 | D:4      | Reached skill level 1 in Transmutations
  1408 | D:4      | Reached skill level 1 in Fire Magic
  1408 | D:4      | Reached skill level 1 in Ice Magic
  1408 | D:4      | Reached skill level 1 in Air Magic
  1408 | D:4      | Reached skill level 1 in Earth Magic
  1408 | D:4      | Reached skill level 1 in Poison Magic
  1422 | D:4      | Reached XP level 5. HP: 37/37 MP: 7/14
  1708 | D:4      | Killed a black bear
  1709 | D:4      | Reached XP level 6. HP: 38/44 MP: 9/16
  1880 | D:4      | Identified a scroll of acquirement
  1880 | D:4      | Acquired the ring "Sudyduw" {Wiz rC+}
  1987 | D:3      | Found a faded altar of an unknown god.
  2271 | D:3      | Found Myifui's Jewellery Shoppe.
  2479 | D:5      | Entered Level 5 of the Dungeon
  2488 | D:5      | Found a staircase to the Ecumenical Temple.
  2506 | Temple   | Entered the Ecumenical Temple
  2513 | Temple   | Became a worshipper of Cheibriados the Contemplative
  2733 | D:5      | Noticed an ice beast
  2741 | D:5      | Killed an ice beast
  2742 | D:5      | Reached XP level 7. HP: 51/51 MP: 13/18
  2745 | D:5      | Learned a level 2 spell: Lesser Beckoning
  2760 | D:5      | Found a shimmering blue altar of Sif Muna.
  2841 | D:5      | Reached skill level 3 in Conjurations
  2841 | D:5      | Reached skill level 3 in Summonings
  2841 | D:5      | Reached skill level 3 in Translocations
  2984 | D:6      | Reached skill level 3 in Invocations
  3104 | D:6      | Found a broken altar of Ashenzari.
  3137 | D:6      | Reached skill level 3 in Fighting
  3137 | D:6      | Reached skill level 3 in Short Blades
  3137 | D:6      | Reached skill level 3 in Long Blades
  3137 | D:6      | Reached skill level 3 in Axes
  3137 | D:6      | Reached skill level 3 in Maces & Flails
  3137 | D:6      | Reached skill level 3 in Polearms
  3137 | D:6      | Reached skill level 3 in Staves
  3137 | D:6      | Reached skill level 3 in Ranged Weapons
  3137 | D:6      | Reached skill level 3 in Throwing
  3137 | D:6      | Reached skill level 3 in Armour
  3137 | D:6      | Reached skill level 3 in Shields
  3137 | D:6      | Reached skill level 3 in Unarmed Combat
  3137 | D:6      | Reached skill level 3 in Evocations
  3137 | D:6      | Reached XP level 8. HP: 58/58 MP: 13/19
  3218 | D:6      | Reached * piety under Cheibriados
  3245 | D:6      | Acquired 762 gold pieces
  3257 | D:6      | Noticed a troll
  3274 | D:6      | Killed a troll
  3312 | D:6      | Found an ornate altar of the Wu Jian Council.
  3455 | D:6      | Reached skill level 3 in Hexes
  3455 | D:6      | Reached skill level 3 in Necromancy
  3455 | D:6      | Reached skill level 3 in Transmutations
  3455 | D:6      | Reached skill level 3 in Fire Magic
  3455 | D:6      | Reached skill level 3 in Ice Magic
  3455 | D:6      | Reached skill level 3 in Air Magic
  3455 | D:6      | Reached skill level 3 in Earth Magic
  3455 | D:6      | Reached skill level 3 in Poison Magic
  3499 | D:6      | Reached skill level 6 in Dodging
  3712 | D:3      | Bought the ring "Tihob" {rF+ Int+6 Dex+3 Slay+2} for 770
                  | gold pieces
  3712 | D:3      | Bought a ring of flight for 227 gold pieces
  3836 | D:7      | Reached XP level 9. HP: 36/65 MP: 14/21
  4270 | D:7      | Reached skill level 6 in Stealth
  4410 | D:8      | Found a white marble altar of Elyvilon.
  4429 | D:8      | Found a hide-covered altar of Uskayaw.
  4589 | D:8      | Reached ** piety under Cheibriados
  4783 | D:9      | Noticed a two-headed ogre
  4794 | D:9      | Killed a two-headed ogre
  4795 | D:9      | Reached skill level 6 in Short Blades
  4795 | D:9      | Reached XP level 10. HP: 74/74 MP: 17/22
  4948 | D:9      | Noticed a gargoyle
  4955 | D:9      | Reached skill level 9 in Spellcasting
  4958 | D:9      | Killed a gargoyle
  5064 | D:9      | Reached skill level 6 in Invocations
  5223 | D:9      | Learned a level 5 spell: Iskenderun's Battlesphere
  5259 | D:9      | Reached *** piety under Cheibriados
  5460 | D:10     | Entered Level 10 of the Dungeon
  5460 | D:10     | Noticed Urug
  5573 | D:10     | Found a flagged portal.
  5715 | D:10     | Found a staircase to the Lair.
  5806 | D:10     | Reached skill level 6 in Fighting
  5806 | D:10     | Reached skill level 6 in Long Blades
  5806 | D:10     | Reached skill level 6 in Axes
  5806 | D:10     | Reached skill level 6 in Maces & Flails
  5806 | D:10     | Reached skill level 6 in Polearms
  5806 | D:10     | Reached skill level 6 in Staves
  5806 | D:10     | Reached skill level 6 in Ranged Weapons
  5806 | D:10     | Reached skill level 6 in Throwing
  5806 | D:10     | Reached skill level 6 in Armour
  5806 | D:10     | Reached skill level 6 in Shields
  5806 | D:10     | Reached skill level 6 in Unarmed Combat
  5806 | D:10     | Reached skill level 6 in Evocations
  5814 | D:10     | Reached XP level 11. HP: 70/81 MP: 12/24
  5838 | Bailey   | Entered a bailey
  5885 | Bailey   | Reached **** piety under Cheibriados
  5998 | Bailey   | Noticed an orc knight
  6022 | Bailey   | Killed an orc knight
  6235 | D:10     | Identified the +2 troll leather armour of Perfidy {rF+
                  | Regen+ MP+9}
  6253 | D:10     | Identified the ring of Nent {rN+ Str+3}
  6318 | D:10     | Killed Urug
  6415 | Lair:1   | Entered Level 1 of the Lair of Beasts
  6534 | Lair:1   | Noticed a death yak
  6579 | Lair:1   | Noticed a death yak
  6581 | Lair:1   | Noticed a death yak
  6585 | Lair:1   | Noticed a death yak
  6590 | Lair:1   | Killed a death yak
  6595 | Lair:1   | Killed a death yak
  6596 | Lair:1   | Reached skill level 6 in Conjurations
  6596 | Lair:1   | Reached skill level 6 in Summonings
  6596 | Lair:1   | Reached skill level 6 in Translocations
  6600 | Lair:1   | Killed a death yak
  6601 | Lair:1   | Killed a death yak
  6602 | Lair:1   | Reached skill level 9 in Short Blades
  6677 | Lair:1   | Identified the +2 falchion "Maol" {heavy, Drain Will+++
                  | rCorr Dex-5}
  6848 | Lair:1   | Reached ***** piety under Cheibriados
  6851 | Lair:1   | Reached XP level 12. HP: 77/91 MP: 12/26
  7274 | D:11     | Reached skill level 6 in Hexes
  7274 | D:11     | Reached skill level 6 in Necromancy
  7274 | D:11     | Reached skill level 6 in Transmutations
  7274 | D:11     | Reached skill level 6 in Fire Magic
  7274 | D:11     | Reached skill level 6 in Ice Magic
  7274 | D:11     | Reached skill level 6 in Air Magic
  7274 | D:11     | Reached skill level 6 in Earth Magic
  7274 | D:11     | Reached skill level 6 in Poison Magic
  7378 | D:11     | Noticed a two-headed ogre
  7506 | D:11     | Noticed a six-headed hydra
  7511 | D:11     | Killed a two-headed ogre
  7522 | D:11     | Killed a six-headed hydra
  7638 | D:11     | Noticed a two-headed ogre
  7643 | D:11     | Killed a two-headed ogre
  7733 | D:11     | Found a staircase to the Orcish Mines.
  7770 | Orc:1    | Entered Level 1 of the Orcish Mines
  7770 | Orc:1    | Found Weacal's Antique Weapon Boutique.
  7779 | Orc:1    | Reached skill level 9 in Dodging
  7897 | Orc:1    | Reached ****** piety under Cheibriados
  8128 | Orc:1    | Learned a level 6 spell: Iron Shot
  8379 | D:3      | Bought the ring of Totaghex {Will++ Str+6 Stlth+} for 777
                  | gold pieces
  8554 | D:12     | Reached skill level 9 in Stealth
  8763 | D:12     | Identified the +7 flail of the Shimmering Penguin {venom,
                  | rElec}
  8947 | D:12     | Noticed a death knight
  8961 | D:12     | Killed a death knight
  8996 | D:12     | HP: 1/92 [large slime creature (36)]
  9057 | D:12     | Reached XP level 13. HP: 94/98 MP: 27/27
  9116 | D:12     | Reached skill level 9 in Invocations
  9256 | D:12     | Found a runed translucent gate.
  9256 | D:12     | Found a runed translucent gate.
  9281 | D:12     | Found a runed translucent gate.
  9304 | D:12     | an entropy weaver changed into a moth of wrath
  9321 | D:12     | Found a runed translucent gate.
  9321 | D:12     | Found a runed translucent gate.
  9328 | D:12     | Found a runed translucent gate.
  9328 | D:12     | Noticed ciphuk's ghost (journeyman TrMo)
  9328 | D:12     | Noticed a cacodemon
  9428 | D:12     | Killed a cacodemon
  9432 | D:12     | Killed ciphuk's ghost
  9661 | D:13     | Found a gate to the Vaults.
 10159 | D:13     | Reached skill level 12 in Short Blades
 10182 | D:13     | Found the amulet of Vitality {RegenMP++ Regen++}
 10341 | D:13     | Reached skill level 9 in Fighting
 10341 | D:13     | Reached skill level 9 in Long Blades
 10341 | D:13     | Reached skill level 9 in Axes
 10341 | D:13     | Reached skill level 9 in Maces & Flails
 10341 | D:13     | Reached skill level 9 in Polearms
 10341 | D:13     | Reached skill level 9 in Staves
 10341 | D:13     | Reached skill level 9 in Ranged Weapons
 10341 | D:13     | Reached skill level 9 in Throwing
 10341 | D:13     | Reached skill level 9 in Armour
 10341 | D:13     | Reached skill level 9 in Shields
 10341 | D:13     | Reached skill level 9 in Unarmed Combat
 10341 | D:13     | Reached skill level 9 in Evocations
 10404 | D:14     | Reached XP level 14. HP: 108/108 MP: 27/29
 10539 | D:14     | Got the Almanac of Analysis
 10612 | D:14     | Noticed Josephine
 10616 | D:14     | Killed Josephine
 10734 | D:14     | Noticed Jorgrun
 10739 | D:14     | Killed Jorgrun
 10846 | D:14     | Found Razoa's Book Boutique.
 10936 | D:15     | Entered Level 15 of the Dungeon
 11226 | D:15     | Noticed a white very ugly thing
 11232 | D:15     | Noticed a tengu reaver
 11236 | D:15     | Killed a cyan very ugly thing
 11260 | D:15     | Killed a tengu reaver
 11294 | D:15     | Reached skill level 12 in Spellcasting
 11327 | D:15     | Noticed a stone giant
 11332 | D:15     | Killed a stone giant
 11389 | D:15     | Found a staircase to the Depths.
 11688 | D:14     | Bought a book of Alchemy for 420 gold pieces
 11691 | D:14     | Learned a level 2 spell: Sublimation of Blood
 11766 | Orc:2    | Entered Level 2 of the Orcish Mines
 11766 | Orc:2    | Found a staircase to the Elven Halls.
 12210 | Orc:2    | Noticed Maurice
 12243 | Orc:2    | Killed Maurice
 12333 | Orc:2    | Reached XP level 15. HP: 115/115 MP: 30/31
 12404 | Orc:2    | Found Woqaoweu's Jewellery Boutique.
 12538 | Orc:2    | Found Goimauc's Book Boutique.
 12544 | Orc:2    | Bought a book of Fire for 484 gold pieces
 12551 | Orc:2    | Learned a level 6 spell: Plasma Beam
 12610 | Orc:2    | Noticed an orc warlord
 12616 | Orc:2    | Killed an orc warlord
 12651 | Orc:2    | Found Diskemec's Antique Weapon Emporium.
 12656 | Orc:2    | Found Ymuotub's Antique Armour Shoppe.
 13237 | Lair:2   | Reached skill level 9 in Conjurations
 13237 | Lair:2   | Reached skill level 9 in Summonings
 13237 | Lair:2   | Reached skill level 9 in Translocations
 13779 | Lair:3   | Found a staircase to the Shoals.
 13829 | Lair:3   | Found a staircase to the Snake Pit.
 14172 | Lair:4   | Found a transporter.
 14192 | Lair:4   | Found a bloodstained altar of Trog.
 14194 | Lair:4   | Noticed Tamtam's ghost (journeyman TeAE)
 14202 | Lair:4   | Found a transporter.
 14313 | Lair:4   | Reached skill level 9 in Hexes
 14313 | Lair:4   | Reached skill level 9 in Necromancy
 14313 | Lair:4   | Reached skill level 9 in Transmutations
 14313 | Lair:4   | Reached skill level 9 in Fire Magic
 14313 | Lair:4   | Reached skill level 9 in Ice Magic
 14313 | Lair:4   | Reached skill level 9 in Air Magic
 14313 | Lair:4   | Reached skill level 9 in Earth Magic
 14313 | Lair:4   | Reached skill level 9 in Poison Magic
 14910 | Lair:4   | Killed Tamtam's ghost
 14958 | Lair:5   | Entered Level 5 of the Lair of Beasts
 15007 | Lair:5   | Reached XP level 16. HP: 96/124 MP: 25/32
 15124 | Lair:5   | Reached skill level 12 in Invocations
 15313 | Lair:5   | Reached skill level 12 in Dodging
 15319 | Lair:5   | Reached skill level 15 in Short Blades
 15378 | Lair:5   | Found a staircase to the Slime Pits.
 15645 | Lair:4   | Learned a level 7 spell: Spellforged Servitor
 15733 | Snake:1  | Entered Level 1 of the Snake Pit
 15836 | Snake:1  | Reached skill level 12 in Stealth
 16750 | Snake:2  | Reached XP level 17. HP: 133/133 MP: 34/34
 16751 | Snake:2  | Reached XP level 18. HP: 140/140 MP: 35/35
 16778 | Snake:2  | Reached skill level 12 in Fighting
 16778 | Snake:2  | Reached skill level 12 in Long Blades
 16778 | Snake:2  | Reached skill level 12 in Axes
 16778 | Snake:2  | Reached skill level 12 in Maces & Flails
 16778 | Snake:2  | Reached skill level 12 in Polearms
 16778 | Snake:2  | Reached skill level 12 in Staves
 16778 | Snake:2  | Reached skill level 12 in Ranged Weapons
 16778 | Snake:2  | Reached skill level 12 in Throwing
 16778 | Snake:2  | Reached skill level 12 in Armour
 16778 | Snake:2  | Reached skill level 12 in Shields
 16778 | Snake:2  | Reached skill level 12 in Unarmed Combat
 16778 | Snake:2  | Reached skill level 12 in Evocations
 17209 | Snake:3  | Reached XP level 19. HP: 146/146 MP: 34/36
 17708 | Snake:4  | Entered Level 4 of the Snake Pit
 18416 | Snake:4  | Got a serpentine rune of Zot
 18555 | Shoals:1 | Entered Level 1 of the Shoals
 18569 | Shoals:1 | Noticed Frances
 18575 | Shoals:1 | Killed Frances
 18576 | Shoals:1 | Noticed Aizul
 18584 | Shoals:1 | Noticed Nikola
 18587 | Shoals:1 | Killed Aizul
 18611 | Shoals:1 | Killed Nikola
 18661 | Shoals:1 | Identified Roxanne's Elucidation of the Gargoyle
 18661 | Shoals:1 | Noticed Roxanne
 19085 | Shoals:1 | Learned a level 4 spell: Passage of Golubria
 19123 | Shoals:1 | Killed Roxanne
 19130 | Shoals:1 | Learned a level 2 spell: Passwall
 19156 | Shoals:2 | Found Duurr's Book Shoppe.
 19160 | Shoals:2 | Bought a book of Cantrips for 180 gold pieces
 19162 | Shoals:2 | Learned a level 1 spell: Apportation
 19192 | Shoals:2 | Reached XP level 20. HP: 156/156 MP: 36/38
 20387 | Shoals:3 | Reached skill level 18 in Short Blades
 20397 | Shoals:4 | Entered Level 4 of the Shoals
 20397 | Shoals:4 | Found a runed translucent gate.
 20397 | Shoals:4 | Found a runed translucent gate.
 20397 | Shoals:4 | Found a runed translucent gate.
 20638 | Shoals:4 | Reached skill level 15 in Spellcasting
 21000 | Shoals:4 | Identified the +7 sling of the Burning God {antimagic,
                  | rElec rF+ Str+3}
 21114 | Shoals:4 | Got the Essays on Wintry Misfortune
 21168 | Shoals:4 | Learned a level 5 spell: Borgnjor's Vile Clutch
 21229 | Shoals:4 | Got a barnacled rune of Zot
 21254 | Shoals:3 | Bought an Everburning Encyclopedia for 504 gold pieces
 21437 | Shoals:4 | Identified the +2 arbalest "Metidghakh" {speed, rC+ Str+4}
 21568 | Elf:1    | Entered Level 1 of the Elven Halls
 21902 | Elf:1    | Reached XP level 21. HP: 122/164 MP: 36/40
 21916 | Elf:1    | Reached skill level 15 in Invocations
 22110 | Elf:2    | Found a crumbling gateway.
 22144 | Desolati | Entered the Desolation of Salt
 22175 | Desolati | Reached skill level 12 in Conjurations
 22175 | Desolati | Reached skill level 12 in Summonings
 22175 | Desolati | Reached skill level 12 in Translocations
 22222 | Desolati | Identified the +0 pair of gloves of Eternity {Rampage rN+
                  | Int-3}
 22223 | Desolati | Got the Encyclopedia of Feathers and Hexing
 22261 | Desolati | Identified the ring "Gyneast" {Wiz rCorr}
 22263 | Desolati | Got the Secrets of the Curse and Bodies
 22304 | Desolati | Identified the +4 dagger "Uffo" {holy, Will+ rCorr}
 22443 | Desolati | Identified the +1 robe of Hysteria {Dex+4}
 22459 | Desolati | Found the +10 tower shield of Ignorance {rN+ Int-4}
 22548 | Desolati | Identified the ring of Qazlal's Reproof {rCorr Str-2 Dex+7
                  | SInv}
 22549 | Desolati | Identified the +5 scale mail of Gozag's Grace {rPois rF++
                  | Dex+3}
 22596 | Desolati | Reached skill level 12 in Hexes
 22596 | Desolati | Reached skill level 12 in Necromancy
 22596 | Desolati | Reached skill level 12 in Transmutations
 22596 | Desolati | Reached skill level 12 in Fire Magic
 22596 | Desolati | Reached skill level 12 in Ice Magic
 22596 | Desolati | Reached skill level 12 in Air Magic
 22596 | Desolati | Reached skill level 12 in Earth Magic
 22596 | Desolati | Reached skill level 12 in Poison Magic
 22910 | Elf:2    | Found a runed translucent gate.
 22910 | Elf:2    | Found a runed translucent gate.
 22914 | Elf:2    | Found a runed translucent gate.
 22926 | Elf:2    | Reached skill level 15 in Dodging
 22970 | Elf:2    | Reached skill level 15 in Stealth
 23099 | Elf:2    | You fall into a shaft and drop 1 floor!
 23099 | Elf:3    | Entered Level 3 of the Elven Halls
 23438 | Elf:3    | Reached XP level 22. HP: 173/173 MP: 34/42
 23679 | Elf:3    | Identified the +4 halberd of the Skies Above {venom, Int+4}
 23730 | Elf:3    | Acquired 875 gold pieces
 23741 | Elf:3    | Identified the staff of fire "Dupeijoa" {rF+ SInv}
 23745 | Elf:3    | Got the Notes on the Unified Wind
 23754 | Elf:3    | Found the +7 Spriggan's Knife {stab, EV+4 Stlth+}
 23762 | Elf:3    | Identified the +0 pair of boots "Ymaozxou" {rPois}
 23763 | Elf:3    | Identified the +3 war axe "Vechotam" {elec, *Noise rPois
                  | rC+ Str+4 SInv}
 23878 | Orc:2    | Bought a book of Ice for 550 gold pieces
 23886 | Orc:2    | Learned a level 7 spell: Ozocubu's Refrigeration
 23916 | D:11     | Learned a level 8 spell: Ignition
 23965 | D:14     | Bought Vaby's Folio of Shapeshifting for 720 gold pieces
 23974 | D:14     | Learned a level 8 spell: Necromutation
 23980 | D:14     | You fall into a shaft and drop 1 floor!
 24024 | Depths:1 | Entered Level 1 of the Depths
 24153 | Depths:1 | Found a one-way gate leading to the halls of Pandemonium.
 24257 | Depths:1 | Found Big Baal Hell's Store.
 24273 | Depths:1 | Found a gateway to Hell.
 24334 | Depths:1 | Reached skill level 15 in Fighting
 24334 | Depths:1 | Reached skill level 15 in Long Blades
 24334 | Depths:1 | Reached skill level 15 in Axes
 24334 | Depths:1 | Reached skill level 15 in Maces & Flails
 24334 | Depths:1 | Reached skill level 15 in Polearms
 24334 | Depths:1 | Reached skill level 15 in Staves
 24334 | Depths:1 | Reached skill level 15 in Ranged Weapons
 24334 | Depths:1 | Reached skill level 15 in Throwing
 24334 | Depths:1 | Reached skill level 15 in Armour
 24334 | Depths:1 | Reached skill level 15 in Shields
 24334 | Depths:1 | Reached skill level 15 in Unarmed Combat
 24334 | Depths:1 | Reached skill level 15 in Evocations
 24523 | Depths:1 | Identified the +7 plate armour of Death Resistance {rF+
                  | MP+9 Str+6}
 24589 | Depths:1 | Found Cupt's Antique Weapon Emporium.
 24731 | Depths:2 | Found Ithreray's Assorted Antiques.
 24731 | Depths:2 | Found Uvoryasu's Magic Scroll Shoppe.
 24731 | Depths:2 | Found Cegenudd's Antique Weapon Emporium.
 24793 | Depths:2 | Found Viniq's Jewellery Shoppe.
 24839 | Depths:2 | Bought a scroll of enchant armour for 90 gold pieces
 24958 | Depths:2 | Reached XP level 23. HP: 173/181 MP: 8/43
 25249 | Depths:3 | Noticed a golden dragon
 25256 | Depths:3 | Killed a golden dragon
 25358 | Depths:3 | Noticed a golden dragon
 25360 | Depths:3 | Killed a golden dragon
 25407 | Depths:3 | Reached skill level 21 in Short Blades
 25470 | Depths:3 | Noticed a juggernaut
 25473 | Depths:3 | Found a snail-covered altar of Cheibriados.
 25492 | Depths:3 | Noticed a juggernaut
 25495 | Depths:3 | Noticed a golden dragon
 25497 | Depths:3 | Noticed a golden dragon
 25562 | Depths:3 | Noticed a golden dragon
 25603 | Depths:3 | Found a one-way gateway to a ziggurat.
 25661 | Depths:3 | Found a one-way gate to the infinite horrors of the Abyss.
 25967 | Depths:3 | Killed a golden dragon
 25979 | Depths:3 | Killed a golden dragon
 25984 | Depths:3 | Identified the +9 great sword "Vuzihul" {elec, rCorr Dex+4}
 25997 | Depths:3 | Killed a golden dragon
 26009 | Depths:3 | Killed a juggernaut
 26010 | Depths:3 | Killed a juggernaut
 26052 | Depths:4 | Entered Level 4 of the Depths
 26052 | Depths:4 | Noticed Frederick
 26057 | Depths:4 | Killed Frederick
 26065 | Depths:4 | Reached XP level 24. HP: 150/191 MP: 35/44
 26172 | Depths:4 | Found a gate to the Realm of Zot.
 26339 | Depths:4 | Found Hoewiniz's Armour Shoppe.
 26339 | Depths:4 | Found Veussir's Assorted Antiques.
 26347 | Depths:4 | Found Katig's Magic Scroll Shoppe.
 26402 | Depths:4 | Reached skill level 15 in Transmutations
 26613 | Hell     | Entered the Vestibule of Hell
 26616 | Hell     | Noticed Geryon
 26627 | Hell     | Killed Geryon
 26767 | Hell     | Found a gateway to the decaying netherworld of Tartarus.
 26794 | Hell     | Found a gateway to the freezing wastes of Cocytus.
 26804 | Hell     | Reached skill level 18 in Invocations
 26839 | Hell     | Found a gateway to the ashen valley of Gehenna.
 26848 | Hell     | Found a gateway to the Iron City of Dis.
 27011 | Vaults:1 | Entered Level 1 of the Vaults
 27096 | Vaults:1 | Reached skill level 18 in Spellcasting
 27097 | Vaults:1 | Reached XP level 25. HP: 171/199 MP: 40/45
 28069 | Vaults:2 | Found a huge runed gate.
 28069 | Vaults:2 | Found a huge runed gate.
 28086 | Vaults:2 | Found a staircase to the Crypt.
 28086 | Vaults:2 | Found a basalt altar of Yredelemnul.
 28086 | Vaults:2 | Found an ancient bone altar of Kikubaaqudgha.
 28090 | Vaults:2 | Found a huge runed gate.
 28090 | Vaults:2 | Found a huge runed gate.
 28090 | Vaults:2 | Found a huge runed gate.
 28090 | Vaults:2 | Found a huge runed gate.
 28090 | Vaults:2 | Found a huge runed gate.
 28090 | Vaults:2 | Found a huge runed gate.
 28090 | Vaults:2 | Found a huge runed gate.
 28096 | Vaults:2 | Found a huge runed gate.
 28096 | Vaults:2 | Found a huge runed gate.
 28096 | Vaults:2 | Found a huge runed gate.
 28096 | Vaults:2 | Found a huge runed gate.
 28096 | Vaults:2 | Found a huge runed gate.
 28096 | Vaults:2 | Found a huge runed gate.
 28096 | Vaults:2 | Found a huge runed gate.
 28096 | Vaults:2 | Found a huge runed gate.
 28123 | Vaults:2 | Found a huge runed gate.
 28123 | Vaults:2 | Found a huge runed gate.
 28132 | Vaults:2 | Found a huge runed gate.
 28132 | Vaults:2 | Found a huge runed gate.
 28132 | Vaults:2 | Found a huge runed gate.
 28132 | Vaults:2 | Found a huge runed gate.
 28132 | Vaults:2 | Found a huge runed gate.
 28132 | Vaults:2 | Found a huge runed gate.
 28146 | Vaults:2 | Found a huge runed gate.
 28146 | Vaults:2 | Found a huge runed gate.
 28146 | Vaults:2 | Found a huge runed gate.
 28172 | Vaults:2 | Found a huge runed gate.
 28172 | Vaults:2 | Found a huge runed gate.
 28172 | Vaults:2 | Found a huge runed gate.
 28172 | Vaults:2 | Found a huge runed gate.
 28172 | Vaults:2 | Found a huge runed gate.
 28172 | Vaults:2 | Found a huge runed gate.
 28172 | Vaults:2 | Found a huge runed gate.
 28172 | Vaults:2 | Found a huge runed gate.
 28296 | Vaults:2 | Identified the +2 chain mail of the Moon {rN+ Dex+2 Stlth+}
 28427 | Vaults:3 | Found Woruof's Antique Weapon Boutique.
 28685 | Vaults:3 | Noticed Asterion
 28687 | Vaults:3 | Killed Asterion
 28878 | Vaults:3 | Found Neijuor's Distillery.
 28893 | Vaults:3 | Bought 2 potions of curing for 78 gold pieces
 28893 | Vaults:3 | Bought a potion of brilliance for 52 gold pieces
 28893 | Vaults:3 | Bought 2 potions of might for 104 gold pieces
 28893 | Vaults:3 | Bought a potion of curing for 39 gold pieces
 28893 | Vaults:3 | Bought a potion of brilliance for 52 gold pieces
 28893 | Vaults:3 | Bought 2 potions of curing for 78 gold pieces
 28893 | Vaults:3 | Bought a potion of heal wounds for 65 gold pieces
 28893 | Vaults:3 | Bought a potion of ambrosia for 104 gold pieces
 29237 | Vaults:4 | Found a portal to a secret trove of treasure.
 29267 | Vaults:4 | Found a magical portal.
 29272 | WizLab   | Entered The Chambers of the Cloud Mage
 29356 | WizLab   | Paralysed by an air elemental for 1 turns
 29374 | WizLab   | Reached skill level 15 in Conjurations
 29374 | WizLab   | Reached skill level 15 in Summonings
 29374 | WizLab   | Reached skill level 15 in Translocations
 29388 | WizLab   | Paralysed by an air elemental for 1 turns
 29447 | WizLab   | Reached XP level 26. HP: 191/209 MP: 45/45
 29462 | WizLab   | Reached skill level 18 in Dodging
 29504 | WizLab   | Got the Almanac of Adjuration and Cold
 29504 | WizLab   | Got the Discourse on the Brume
 29509 | WizLab   | Learned a level 3 spell: Vhi's Electric Charge
 29675 | Vaults:4 | Reached skill level 18 in Stealth
 29956 | Vaults:4 | Reached skill level 15 in Hexes
 29956 | Vaults:4 | Reached skill level 15 in Necromancy
 29956 | Vaults:4 | Reached skill level 15 in Fire Magic
 29956 | Vaults:4 | Reached skill level 15 in Ice Magic
 29956 | Vaults:4 | Reached skill level 15 in Air Magic
 29956 | Vaults:4 | Reached skill level 15 in Earth Magic
 29956 | Vaults:4 | Reached skill level 15 in Poison Magic
 30030 | Vaults:4 | Acquired 796 gold pieces
 30282 | Vaults:4 | You paid a toll of a +6 demon whip to enter a treasure
                  | trove
 30283 | Trove    | Entered a treasure trove
 30290 | Trove    | Identified the amulet of Contentment {RegenMP +Inv rElec
                  | rF++ Will-}
 30291 | Trove    | Identified the ring "Asemet" {rN+ Str-3 Dex+6 Stlth+}
 30294 | Trove    | Identified the amulet of Teleoj {Regen+ Int+4 Stlth+}
 30296 | Trove    | Identified the amulet "Lebryzan" {Faith Will++ Int+5}
 30299 | Trove    | Identified the ring of Gocs {Contam rElec rN+ Will+++
                  | Dex-3}
 30301 | Trove    | Identified the ring of Suspicion {Ice rElec}
 30302 | Trove    | Identified the ring "Uddogaet" {Ice Contam Dex+6}
 30304 | Trove    | Identified the ring of Hospitality {Contam Fly rElec MP+9}
 30347 | Vaults:5 | Entered Level 5 of the Vaults
 30437 | Vaults:5 | Identified the staff of conjuration "Omineatwi" {*Slow
                  | Str+6 Int+8}
 30438 | Vaults:5 | Identified the +0 short sword of Hacking and Slashing
                  | {venom, Fragile +Blink MP-9 Dex+6}
 30449 | Vaults:5 | Noticed an ancient lich
 30450 | Vaults:5 | Reached skill level 24 in Short Blades
 30453 | Vaults:5 | Killed an ancient lich
 30600 | Vaults:5 | Reached skill level 18 in Fighting
 30600 | Vaults:5 | Reached skill level 18 in Long Blades
 30600 | Vaults:5 | Reached skill level 18 in Axes
 30600 | Vaults:5 | Reached skill level 18 in Maces & Flails
 30600 | Vaults:5 | Reached skill level 18 in Polearms
 30600 | Vaults:5 | Reached skill level 18 in Staves
 30600 | Vaults:5 | Reached skill level 18 in Ranged Weapons
 30600 | Vaults:5 | Reached skill level 18 in Throwing
 30600 | Vaults:5 | Reached skill level 18 in Armour
 30600 | Vaults:5 | Reached skill level 18 in Shields
 30600 | Vaults:5 | Reached skill level 18 in Unarmed Combat
 30600 | Vaults:5 | Reached skill level 18 in Evocations
 30609 | Vaults:5 | Noticed an ancient lich
 30618 | Vaults:5 | Killed an ancient lich
 30621 | Vaults:5 | Noticed an ancient lich
 30632 | Vaults:5 | Killed an ancient lich
 30633 | Vaults:5 | Reached XP level 27. HP: 128/217 MP: 32/46
 30679 | Vaults:5 | Found Fumuzas's Distillery.
 30685 | Vaults:5 | Found Futum's Antique Armour Shoppe.
 30687 | Vaults:5 | Bought a potion of curing for 54 gold pieces
 30687 | Vaults:5 | Bought a potion of magic for 144 gold pieces
 30687 | Vaults:5 | Bought 2 potions of brilliance for 144 gold pieces
 30687 | Vaults:5 | Bought a potion of might for 72 gold pieces
 30687 | Vaults:5 | Bought 2 potions of curing for 108 gold pieces
 30687 | Vaults:5 | Bought a potion of ambrosia for 144 gold pieces
 30690 | Vaults:5 | Bought a pair of runed boots for 262 gold pieces
 30903 | Vaults:5 | Reached skill level 18 in Transmutations
 30978 | Vaults:5 | Identified the +0 mace "Gnoll's Bane" {drain, Will++ MP+9
                  | Int+5}
 30979 | Vaults:5 | Got a silver rune of Zot
 31119 | Vaults:3 | Learned a level 9 spell: Polar Vortex
 31178 | Crypt:1  | Entered Level 1 of the Crypt
 31639 | Crypt:2  | Identified the +4 mace of Slow Death {flame, *Slow Dex+5}
 31881 | Crypt:2  | Noticed a royal mummy
 31884 | Crypt:2  | Killed a royal mummy
 31887 | Crypt:2  | Got the Essays on Outbursts and Heat
 31890 | Crypt:2  | Noticed a royal mummy
 31894 | Crypt:2  | Killed a royal mummy
 32030 | Crypt:1  | You fall into a shaft and drop 1 floor!
 32040 | Crypt:3  | Entered Level 3 of the Crypt
 32047 | Crypt:3  | Noticed Bai Suzhen
 32051 | Crypt:3  | Killed Bai Suzhen
 32206 | Crypt:3  | Noticed Mennas
 32215 | Crypt:3  | Killed Mennas
 32241 | Crypt:3  | HP: 20/219 [??? (18)]
 32365 | Crypt:3  | Identified the ring "Heyfatam" {Wiz rCorr Str-4 Dex+2
                  | Slay+5}
 32527 | Crypt:3  | Noticed an ancient lich
 32530 | Crypt:3  | Killed an ancient lich
 32543 | Crypt:3  | Found a basalt altar of Yredelemnul.
 32543 | Crypt:3  | Found an ancient bone altar of Kikubaaqudgha.
 32743 | Crypt:3  | Found a staircase to the Tomb.
 32749 | Tomb:1   | Entered Level 1 of the Tomb of the Ancients
 32929 | Tomb:1   | Noticed a royal mummy
 32936 | Tomb:1   | Noticed a royal mummy
 32937 | Tomb:1   | Killed a royal mummy
 32969 | Tomb:1   | Noticed a royal mummy
 32973 | Tomb:1   | Killed a royal mummy
 32974 | Tomb:1   | Noticed a royal mummy
 32978 | Tomb:1   | Killed a royal mummy
 33008 | Tomb:1   | Killed a royal mummy
 33395 | D:13     | You fall into a shaft and drop 1 floor!
 33456 | Geh:1    | Entered Level 1 of Gehenna
 33786 | Geh:4    | Noticed a dread lich
 33790 | Geh:4    | Killed a dread lich
 33906 | Geh:7    | Entered Level 7 of Gehenna
 34130 | Geh:7    | Reached skill level 21 in Invocations
 34181 | Geh:7    | Found the +4 moon troll leather armour {Spirit, Regen++
                  | MP+5}
 34396 | Geh:7    | Identified the +6 chain mail "Xijia" {Stlth+}
 34447 | Geh:7    | Learned a level 9 spell: Shatter
 34451 | Geh:7    | Found the +13 sceptre of Asmodeus
 34451 | Geh:7    | Noticed Asmodeus
 34463 | Geh:7    | Killed Asmodeus
 34490 | Geh:7    | Got an obsidian rune of Zot
 34584 | Depths:3 | You fall into a shaft and drop 1 floor!
 34598 | Depths:4 | Bought a scroll of enchant armour for 82 gold pieces
 34598 | Depths:4 | Bought a scroll of teleportation for 33 gold pieces
 34598 | Depths:4 | Bought a scroll of fog for 44 gold pieces
 34600 | Depths:4 | Bought a scroll of teleportation for 102 gold pieces
 34600 | Depths:4 | Bought 2 potions of curing for 204 gold pieces
 34600 | Depths:4 | Bought a potion of mutation for 272 gold pieces
 34600 | Depths:4 | Bought a scroll of fear for 136 gold pieces
 34600 | Depths:4 | Bought a wand of roots (6) for 489 gold pieces
 34617 | Zot:1    | Entered Level 1 of the Realm of Zot
 35566 | Zot:3    | Reached skill level 21 in Spellcasting
 35573 | Zot:3    | Reached skill level 18 in Fire Magic
 35876 | Zot:3    | Found a runed translucent gate.
 35876 | Zot:3    | Found a runed translucent gate.
 35876 | Zot:3    | Found a runed translucent gate.
 35876 | Zot:3    | Noticed Rino's ghost (legendary DsGl)
 35882 | Zot:3    | Killed Rino's ghost
 36009 | Zot:3    | Reached skill level 27 in Short Blades
 36026 | Zot:3    | Noticed an orb of fire
 36031 | Zot:3    | Killed an orb of fire
 36531 | Zot:5    | Entered Level 5 of the Realm of Zot
 36546 | Zot:5    | Noticed an orb of fire
 36551 | Zot:5    | Killed an orb of fire
 36593 | Zot:5    | Noticed an orb of fire
 36597 | Zot:5    | Killed an orb of fire
 36624 | Zot:5    | Noticed an orb of fire
 36629 | Zot:5    | Killed an orb of fire
 36696 | Zot:5    | Reached skill level 21 in Transmutations
 36871 | Zot:5    | Reached skill level 21 in Dodging
 36908 | Zot:5    | Noticed an ancient lich
 36912 | Zot:5    | Killed an ancient lich
 36934 | Zot:5    | Reached skill level 21 in Stealth
 36937 | Zot:5    | Noticed an orb of fire
 36944 | Zot:5    | Killed an orb of fire
 36945 | Zot:5    | Noticed a dread lich
 36950 | Zot:5    | Noticed an ancient lich
 36951 | Zot:5    | Killed a dread lich
 36955 | Zot:5    | Killed an ancient lich
 37109 | Zot:5    | Noticed an ancient lich
 37111 | Zot:5    | Noticed a dread lich
 37113 | Zot:5    | Killed an ancient lich
 37114 | Zot:5    | Noticed an orb of fire
 37120 | Zot:5    | Killed a dread lich
 37120 | Zot:5    | Noticed an orb of fire
 37121 | Zot:5    | Killed an orb of fire
 37122 | Zot:5    | Reached skill level 18 in Conjurations
 37122 | Zot:5    | Reached skill level 18 in Summonings
 37122 | Zot:5    | Reached skill level 18 in Translocations
 37123 | Zot:5    | Noticed a dread lich
 37125 | Zot:5    | Killed an orb of fire
 37132 | Zot:5    | Noticed an ancient lich
 37133 | Zot:5    | Killed a dread lich
 37137 | Zot:5    | Killed an ancient lich
 37144 | Zot:5    | Reached skill level 21 in Fighting
 37144 | Zot:5    | Reached skill level 21 in Long Blades
 37144 | Zot:5    | Reached skill level 21 in Axes
 37144 | Zot:5    | Reached skill level 21 in Maces & Flails
 37144 | Zot:5    | Reached skill level 21 in Polearms
 37144 | Zot:5    | Reached skill level 21 in Staves
 37144 | Zot:5    | Reached skill level 21 in Ranged Weapons
 37144 | Zot:5    | Reached skill level 21 in Throwing
 37144 | Zot:5    | Reached skill level 21 in Armour
 37144 | Zot:5    | Reached skill level 21 in Shields
 37144 | Zot:5    | Reached skill level 21 in Unarmed Combat
 37144 | Zot:5    | Reached skill level 21 in Evocations
 37298 | Coc:1    | Entered Level 1 of Cocytus
 37306 | Coc:2    | Reached skill level 18 in Hexes
 37306 | Coc:2    | Reached skill level 18 in Necromancy
 37306 | Coc:2    | Reached skill level 18 in Ice Magic
 37306 | Coc:2    | Reached skill level 18 in Air Magic
 37306 | Coc:2    | Reached skill level 18 in Earth Magic
 37306 | Coc:2    | Reached skill level 18 in Poison Magic
 37430 | Coc:4    | Noticed an ancient lich
 37434 | Coc:4    | Killed an ancient lich
 37634 | Coc:7    | Entered Level 7 of Cocytus
 37843 | Coc:7    | Identified the staff of air "Fehat" {Fly rElec rCorr}
 37844 | Coc:7    | Identified the staff of poison "Lorchon" {rPois rCorr Int+2
                  | SInv}
 37846 | Coc:7    | Got Sif Muna's Monograph on Icy Detritus
 38000 | Coc:7    | Noticed Antaeus
 38032 | Coc:7    | Killed Antaeus
 38036 | Coc:7    | Got an icy rune of Zot
 38154 | Dis:1    | Entered Level 1 of the Iron City of Dis
 38239 | Dis:2    | You fall into a shaft and drop 2 floors!
 38380 | Dis:5    | Reached skill level 21 in Fire Magic
 38436 | Dis:6    | Noticed an ancient lich
 38440 | Dis:6    | Killed an ancient lich
 38492 | Dis:7    | Entered Level 7 of the Iron City of Dis
 38594 | Dis:7    | Reached skill level 24 in Invocations
 38819 | Dis:7    | Noticed a juggernaut
 38821 | Dis:7    | Killed a juggernaut
 38869 | Dis:7    | Noticed a juggernaut
 38873 | Dis:7    | Killed a juggernaut
 38894 | Dis:7    | Reached skill level 24 in Transmutations
 39037 | Dis:7    | Identified the +4 short sword of Lirghunn {heavy, rElec}
 39083 | Dis:7    | Identified the staff of air "Pennol" {rElec Will+}
 39084 | Dis:7    | Identified the staff of earth "Teisosuc" {*Slow rElec rCorr
                  | Int+2}
 39193 | Dis:7    | Identified the +8 scimitar of the Grinning Gods {speed,
                  | *Rage *Noise Str+9 Int+4}
 39257 | Dis:7    | Noticed a juggernaut
 39259 | Dis:7    | Killed a juggernaut
 39262 | Dis:7    | Identified the staff of earth "Naemaek" {rC- Int+4 Dex+2}
 39265 | Dis:7    | Noticed Dispater
 39275 | Dis:7    | Killed Dispater
 39289 | Dis:7    | Got an iron rune of Zot
 39360 | Zig:1    | Entered Level 1 of a ziggurat
 39368 | Zig:2    | Entered Level 2 of a ziggurat
 39370 | Zig:2    | Identified the +3 scimitar "Gimopn" {distort, rF+ rC- rN+}
 39377 | Zig:3    | Entered Level 3 of a ziggurat
 39394 | Zig:4    | Entered Level 4 of a ziggurat
 39398 | Zig:4    | Noticed a royal mummy
 39398 | Zig:4    | Found the +7 great mace "Undeadhunter" {deathbane, rN+}
 39403 | Zig:4    | Killed a royal mummy
 39424 | Zig:4    | Identified the staff of fire "Wynku" {rF+ Dex+2}
 39429 | Zig:5    | Entered Level 5 of a ziggurat
 39455 | Zig:6    | Entered Level 6 of a ziggurat
 39470 | Zig:6    | Identified the ring "Goudi" {Wiz rC+ Str+3 Int+2}
 39473 | Zig:6    | Acquired the +3 cloak of the Big Bang {Dex+4}
 39478 | Zig:7    | Entered Level 7 of a ziggurat
 39481 | Zig:7    | Noticed Roluut the pandemonium lord
 39487 | Zig:7    | Killed Roluut the pandemonium lord
 39493 | Zig:7    | Found the +4 robe of Folly {Brill Will-∞ Int+8}
 39499 | Zig:7    | Identified the staff of earth "Culuw" {rF+ rCorr Str-4
                  | Int+8}
 39503 | Zig:8    | Entered Level 8 of a ziggurat
 39508 | Zig:8    | Noticed a royal mummy
 39510 | Zig:8    | Noticed a royal mummy
 39510 | Zig:8    | Noticed a royal mummy
 39512 | Zig:8    | Killed a royal mummy
 39514 | Zig:8    | Killed a royal mummy
 39515 | Zig:8    | Killed a royal mummy
 39525 | Zig:8    | Identified the staff of earth "Pylaeq" {rElec rC+ Dex+3}
 39528 | Zig:8    | Identified the +5 flail "Gufaiv" {freeze, rF+}
 39533 | Zig:9    | Entered Level 9 of a ziggurat
 39538 | Zig:9    | Found the amulet of the Four Winds {rN+ Will+++ Clar}
 39551 | Zig:9    | Acquired a book of the Spheres
 39554 | Zig:10   | Entered Level 10 of a ziggurat
 39562 | Zig:10   | Found the ring of the Tortoise {AC+8}
 39562 | Zig:10   | Found the +3 greatsling "Punk" {acid, rCorr}
 39573 | Zig:10   | Identified the +1 chain mail of Free Will {+Inv Will++
                  | Regen+ Int+2}
 39575 | Zig:10   | Identified the staff of fire "Polejik" {rElec rF+ Will+
                  | Dex+5}
 39578 | Zig:11   | Entered Level 11 of a ziggurat
 39594 | Zig:11   | Reached skill level 24 in Spellcasting
 39597 | Zig:11   | Acquired 734 gold pieces
 39609 | Zig:11   | Learned a level 9 spell: Fire Storm
 39610 | Zig:12   | Entered Level 12 of a ziggurat
 39636 | Zig:12   | Identified the +2 robe of Activism {rC+ SInv}
 39639 | Zig:13   | Entered Level 13 of a ziggurat
 39645 | Zig:13   | Found the +12 glaive of Prune {freeze, Prune}
 39654 | Zig:13   | Identified the ring "Zeumyll" {+Blink Fly Str-5 SInv}
 39657 | Zig:13   | Identified the +0 chain mail of Hugraupu {-Cast rC+ rN+
                  | Dex+2}
 39658 | Zig:13   | Identified the scarf of Floral Brilliance {repulsion, Int+4
                  | Dex+2}
 39665 | Zig:14   | Entered Level 14 of a ziggurat
 39681 | Zig:14   | Identified the amulet of Ysekk {Reflect Fly rF- rC++ Str+3
                  | SH+5}
 39687 | Zig:14   | Identified the ring of Hotohomp {Fire Will+ Str+2 Int+4}
 39688 | Zig:14   | Identified the ring of Qakhlot {rPois rN+ rCorr Slay+3}
 39689 | Zig:14   | Identified the amulet "Owunamn" {Faith Rampage *Corrode rC+
                  | rN+++}
 39690 | Zig:14   | Identified the +0 robe "Oziecuwn" {*Slow Dex+3 Stlth+}
 39698 | Zig:14   | Got the Tome of Concussion
 39703 | Zig:15   | Entered Level 15 of a ziggurat
 39730 | Zig:15   | Identified the staff of cold "Merph" {rElec rC+ Str-3 Int+3
                  | SInv}
 39732 | Zig:15   | Identified the +4 scale mail of Makhleb, Thieving {rF+
                  | Int+3}
 39735 | Zig:16   | Entered Level 16 of a ziggurat
 39757 | Zig:16   | Identified the +3 buckler "Zoit" {Harm rC+}
 39762 | Zig:16   | Identified the amulet "Usuyskov" {Faith rF+ Dex+3}
 39768 | Zig:16   | Identified the +3 leather armour of Incorporation {rElec
                  | rPois Dex-5}
 39769 | Zig:16   | Identified the +3 scale mail of Orghu {Str+6 Int+6}
 39774 | Zig:17   | Entered Level 17 of a ziggurat
 39791 | Zig:17   | Reached skill level 24 in Dodging
 39792 | Zig:17   | Reached skill level 24 in Ranged Weapons
 39801 | Zig:17   | Identified the staff of fire "Yqulas" {rElec rF+ Int+5
                  | Dex-4}
 39807 | Zig:17   | Identified the +4 flail of Purpose {flame, rElec rPois
                  | Will- SInv}
 39808 | Zig:17   | Identified the +0 trident of Remado Coici {drain, rF+}
 39812 | Zig:17   | Reached skill level 24 in Stealth
 39815 | Zig:18   | Entered Level 18 of a ziggurat
 39822 | Zig:18   | Noticed a juggernaut
 39829 | Zig:18   | Killed a juggernaut
 39834 | Zig:18   | Noticed a juggernaut
 39834 | Zig:18   | Noticed a juggernaut
 39834 | Zig:18   | Noticed a juggernaut
 39834 | Zig:18   | Noticed a juggernaut
 39835 | Zig:18   | Noticed a juggernaut
 39836 | Zig:18   | Killed a juggernaut
 39837 | Zig:18   | Killed a juggernaut
 39838 | Zig:18   | Killed a juggernaut
 39839 | Zig:18   | Killed a juggernaut
 39839 | Zig:18   | Killed a juggernaut
 39843 | Zig:18   | Identified the +0 scale mail "Tyikhlov" {Str+3}
 39844 | Zig:18   | Identified the +0 chain mail of Gluttony {Dex+3}
 39851 | Zig:18   | Identified the ring of the Blind Eye {rCorr Str-3 Dex+6}
 39852 | Zig:18   | Identified the staff of air "Kaeritoj" {rElec rN+ MP-9
                  | Str+3 Stlth+}
 39854 | Zig:18   | Identified the staff of air "Hefasa Odar" {rElec rPois
                  | rF++}
 39856 | Zig:18   | Identified the +5 scale mail of Parlour Games {Will+}
 39857 | Zig:18   | Reached skill level 21 in Necromancy
 39858 | Zig:18   | Got the Precepts of Frost and the Graveyard
 39860 | Zig:19   | Entered Level 19 of a ziggurat
 39875 | Zig:19   | Reached skill level 24 in Fighting
 39875 | Zig:19   | Reached skill level 24 in Long Blades
 39875 | Zig:19   | Reached skill level 24 in Axes
 39875 | Zig:19   | Reached skill level 24 in Maces & Flails
 39875 | Zig:19   | Reached skill level 24 in Polearms
 39875 | Zig:19   | Reached skill level 24 in Staves
 39875 | Zig:19   | Reached skill level 24 in Throwing
 39875 | Zig:19   | Reached skill level 24 in Armour
 39875 | Zig:19   | Reached skill level 24 in Shields
 39875 | Zig:19   | Reached skill level 24 in Unarmed Combat
 39875 | Zig:19   | Reached skill level 24 in Fire Magic
 39875 | Zig:19   | Reached skill level 24 in Evocations
 39879 | Zig:19   | Reached skill level 27 in Invocations
 39892 | Zig:19   | Identified the +6 long sword of Pestilence {freeze, *Rage
                  | Fly rC+ Dex+5}
 39896 | Zig:19   | Identified the ring "Fome" {rCorr Str+6}
 39902 | Zig:19   | Identified the amulet of Brilliance {RegenMP Harm rF+ Will-
                  | Int+3}
 39907 | Zig:19   | Identified the +0 chain mail of Dramatic Exits {rC+}
 39908 | Zig:19   | Identified the +6 short sword "Xaroz" {flame, rPois}
 39912 | Zig:20   | Entered Level 20 of a ziggurat
 39925 | Zig:20   | Noticed an ancient lich
 39928 | Zig:20   | Killed an ancient lich
 39943 | Zig:20   | Identified the +10 plate armour of Poleff {rC+}
 39944 | Zig:20   | Identified the +4 sling "Coomaf" {speed, SInv}
 39953 | Zig:21   | Entered Level 21 of a ziggurat
 39963 | Zig:21   | Reached skill level 21 in Conjurations
 39963 | Zig:21   | Reached skill level 21 in Summonings
 39963 | Zig:21   | Reached skill level 21 in Translocations
 39965 | Zig:21   | Reached skill level 21 in Hexes
 39965 | Zig:21   | Reached skill level 21 in Ice Magic
 39965 | Zig:21   | Reached skill level 21 in Air Magic
 39965 | Zig:21   | Reached skill level 21 in Earth Magic
 39965 | Zig:21   | Reached skill level 21 in Poison Magic
 39985 | Zig:21   | Identified the ring "Doamusch" {AC+4 Stlth+}
 39987 | Zig:21   | Identified the ring "Suahiesul" {rElec rPois rCorr Dex+6}
 39992 | Zig:21   | Identified the +2 quarterstaff "Faefyazi" {pain, Will-
                  | Str+4 Int+5}
 39995 | Zig:21   | Identified the +9 battleaxe of Toun Ist {spect, Int+4}
 40012 | Zig:21   | Learned a level 9 spell: Death's Door
 40013 | Zig:22   | Entered Level 22 of a ziggurat
 40025 | Zig:22   | Found the +8 demon trident "Rift" {distort, reach+}
 40057 | Zig:22   | Identified the +5 arbalest "Vexeow" {heavy, rN+ rCorr}
 40058 | Zig:22   | Got the Octavo of the Escort
 40071 | Zig:22   | Learned a level 8 spell: Disjunction
 40072 | Zig:23   | Entered Level 23 of a ziggurat
 40097 | Zig:23   | Gained mutation: You are clumsy. (Dex -2) [a shining eye]
 40106 | Zig:23   | Lost mutation: You are clumsy. (Dex -2) [potion of
                  | mutation]
 40106 | Zig:23   | Gained mutation: You are dopey. (Int -2) [potion of
                  | mutation]
 40107 | Zig:23   | Lost mutation: You are dopey. (Int -2) [potion of mutation]
 40107 | Zig:23   | Gained mutation: Armour fits poorly on your strangely
                  | shaped body. [potion of mutation]
 40107 | Zig:23   | Gained mutation: Your body sometimes deteriorates upon
                  | taking damage. [potion of mutation]
 40108 | Zig:23   | Lost mutation: Armour fits poorly on your strangely shaped
                  | body. [potion of mutation]
 40108 | Zig:23   | Lost mutation: Your body sometimes deteriorates upon taking
                  | damage. [potion of mutation]
 40108 | Zig:23   | Gained mutation: You are clumsy. (Dex -2) [potion of
                  | mutation]
 40108 | Zig:23   | Gained mutation: You have hidden genetic potential. [potion
                  | of mutation]
 40109 | Zig:23   | Lost mutation: You have hidden genetic potential. [potion
                  | of mutation]
 40109 | Zig:23   | Lost mutation: You are clumsy. (Dex -2) [potion of
                  | mutation]
 40109 | Zig:23   | Gained mutation: You are dopey. (Int -2) [potion of
                  | mutation]
 40109 | Zig:23   | Gained mutation: Your flesh is cold resistant. (rC+)
                  | [potion of mutation]
 40109 | Zig:23   | Gained mutation: You are strong-willed. (Will+) [potion of
                  | mutation]
 40110 | Zig:23   | Lost mutation: You are strong-willed. (Will+) [potion of
                  | mutation]
 40110 | Zig:23   | Lost mutation: You are dopey. (Int -2) [potion of mutation]
 40110 | Zig:23   | Lost mutation: Your flesh is cold resistant. (rC+) [potion
                  | of mutation]
 40110 | Zig:23   | Gained mutation: Your system is resistant to poisons.
                  | (rPois) [potion of mutation]
 40119 | Zig:23   | Identified the amulet of Musch {rPois Will- Regen+ Int+4}
 40120 | Zig:23   | Identified the +3 fire dragon scales of the Peculiar Places
                  | {rElec rF++ rC- Dex+3 Stlth+}
 40124 | Zig:23   | Identified the staff of air "Balaar" {rElec rF+ rN+ Stlth-}
 40129 | Zig:23   | Identified the +3 broad axe "Diock" {protect, rF+ Will-
                  | SInv}
 40130 | Zig:23   | Identified the +0 scale mail of the Earth {rElec rC+}
 40131 | Zig:23   | Identified the +0 ring mail of Xypnebb {Str+2 Stlth+}
 40132 | Zig:23   | Identified the +6 halberd "Fish" {flame, Str+2}
 40133 | Zig:23   | Identified the +8 war axe "Nautyff" {spect, rF++ Will++
                  | Int+3 Dex-4}
 40135 | Zig:23   | Got the Monograph on the Congregation and Lamentation
 40138 | Zig:24   | Entered Level 24 of a ziggurat
 40277 | Zig:24   | Identified the staff of earth "Wetom" {rC+ Will+ Dex+2}
 40281 | Zig:24   | Identified the staff of poison "Jianeed" {rPois Will+}
 40285 | Zig:24   | Identified the +0 gold dragon scales of the Several Mouths
                  | {rPois rF+ rC+ Str+3 SInv}
 40286 | Zig:24   | Identified the +0 ring mail of Grace {Dex+5 Slay+3 Stlth+}
 40288 | Zig:24   | Identified the +0 lajatang of Quicihea {venom, *Corrode
                  | rPois Str+3 Int+2}
 40289 | Zig:24   | Identified the +3 spear "Dil Boi" {flame, Dex+3}
 40306 | Zig:25   | Entered Level 25 of a ziggurat
 40328 | Zig:25   | Reached skill level 27 in Ranged Weapons
 40350 | Zig:25   | Identified the ring "Tocvid" {Wiz rElec rC- rCorr Str+3}
 40360 | Zig:25   | Identified the ring "Gite" {rCorr MP+9 Dex+3}
 40362 | Zig:25   | Identified the +9 dire flail "Lismal" {drain, rC+ Dex+2}
 40367 | Zig:26   | Entered Level 26 of a ziggurat
 40398 | Zig:26   | Noticed Veduana the pandemonium lord
 40403 | Zig:26   | Killed Veduana the pandemonium lord
 40404 | Zig:26   | Reached skill level 27 in Polearms
 40475 | Zig:26   | Found the sphere of Battle
 40477 | Zig:26   | Found the dreamshard necklace {*Dream Drain}
 40484 | Zig:26   | Identified the amulet "Yxzalu" {Reflect *Corrode rPois
                  | Int+4 SH+5}
 40488 | Zig:26   | Identified the +2 broad axe "Eviscerator" {flame, rC+
                  | Str+3}
 40490 | Zig:26   | Acquired the +2 hat of the Exiled Violins {MP+9 Int+7}
 40494 | Zig:27   | Entered Level 27 of a ziggurat
 40505 | Zig:27   | Noticed a juggernaut
 40505 | Zig:27   | Noticed a juggernaut
 40505 | Zig:27   | Noticed a juggernaut
 40508 | Zig:27   | Reached skill level 27 in Unarmed Combat
 40508 | Zig:27   | Killed a juggernaut
 40508 | Zig:27   | Killed a juggernaut
 40510 | Zig:27   | Killed a juggernaut
 40510 | Zig:27   | Noticed a juggernaut
 40511 | Zig:27   | Noticed a juggernaut
 40512 | Zig:27   | Killed a juggernaut
 40512 | Zig:27   | Killed a juggernaut
 40512 | Zig:27   | Noticed a juggernaut
 40512 | Zig:27   | Noticed a juggernaut
 40512 | Zig:27   | Noticed a juggernaut
 40513 | Zig:27   | Reached skill level 24 in Necromancy
 40516 | Zig:27   | Killed a juggernaut
 40516 | Zig:27   | Killed a juggernaut
 40516 | Zig:27   | Noticed a juggernaut
 40517 | Zig:27   | Killed a juggernaut
 40518 | Zig:27   | Reached skill level 27 in Long Blades
 40519 | Zig:27   | Killed a juggernaut
 40598 | Zig:27   | Found the +3 pair of mountain boots {steadfast, rC+}
 40605 | Zig:27   | Identified the ring "Vyishrae" {Will+ SInv}
 40608 | Zig:27   | Identified the ring "Oseumem" {Int+7 Dex+6}
 40609 | Zig:27   | Identified the scarf of Dauth {repulsion, rF+++ rN++ Will-
                  | MP+9}
 40611 | Zig:27   | Identified the +0 leather armour "Xonygg" {Will+ Int+7}
 40651 | Depths:3 | Voluntarily entered the Abyss.
 40704 | Abyss:1  | Found a corrupted altar of Lugonu.
 40733 | Abyss:2  | Noticed a dread lich
 40735 | Abyss:2  | Killed a dread lich
 40771 | Abyss:3  | Found a corrupted altar of Lugonu.
 40784 | Abyss:3  | Found a corrupted altar of Lugonu.
 40790 | Abyss:3  | Found a corrupted altar of Lugonu.
 40807 | Abyss:4  | Found a corrupted altar of Lugonu.
 40856 | Abyss:5  | Found a corrupted altar of Lugonu.
 40876 | Abyss:5  | Noticed a juggernaut
 40876 | Abyss:5  | Got an abyssal rune of Zot
 40878 | Abyss:5  | Killed a juggernaut
 40894 | Depths:3 | Escaped the Abyss
 41114 | Slime:1  | Entered Level 1 of the Pits of Slime
 41133 | Slime:3  | Noticed Dissolution
 41137 | Slime:3  | Killed Dissolution
 41138 | Slime:3  | Reached skill level 27 in Armour
 41184 | Slime:5  | Entered Level 5 of the Pits of Slime
 41321 | Slime:5  | Noticed the Royal Jelly
 41347 | Slime:5  | Found a viscous altar of Jiyva.
 41370 | Slime:5  | Killed the Royal Jelly
 41371 | Slime:5  | Reached skill level 27 in Spellcasting
 41379 | Slime:5  | Identified the staff of air "Udubb" {rElec Stlth+}
 41390 | Slime:5  | Identified the +2 leather armour of Mureffoh {Int+4 Stlth+}
 41413 | Slime:5  | Identified the staff of cold "Oluiq" {rF+ rC+ rN+ Int-2}
 41419 | Slime:5  | Got the Enchiridion on Conjuring
 41419 | Slime:5  | Got a slimy rune of Zot
 41425 | Slime:5  | Identified the +4 chain mail "Coseer" {rC+ Regen+}
 41426 | Slime:5  | Identified the +8 chain mail "Itenoemp" {rF+}
 41459 | Slime:4  | Reached skill level 24 in Earth Magic
 41460 | Slime:4  | Reached skill level 27 in Shields
 41692 | Crypt:2  | You fall into a shaft and drop 1 floor!
 41719 | Tomb:1   | Noticed a royal mummy
 41720 | Tomb:1   | Noticed a royal mummy
 41721 | Tomb:1   | Noticed a royal mummy
 41722 | Tomb:1   | Killed a royal mummy
 41722 | Tomb:1   | Noticed a royal mummy
 41724 | Tomb:1   | Killed a royal mummy
 41725 | Tomb:1   | Killed a royal mummy
 41725 | Tomb:1   | Noticed a royal mummy
 41728 | Tomb:1   | Noticed a royal mummy
 41728 | Tomb:1   | Noticed a royal mummy
 41729 | Tomb:1   | Killed a royal mummy
 41744 | Tomb:1   | Killed a royal mummy
 41745 | Tomb:1   | Killed a royal mummy
 41745 | Tomb:1   | Killed a royal mummy
 41747 | Tomb:1   | Noticed a royal mummy
 41748 | Tomb:1   | Noticed a royal mummy
 41751 | Tomb:1   | Killed a royal mummy
 41751 | Tomb:1   | Noticed a royal mummy
 41753 | Tomb:1   | Killed a royal mummy
 41768 | Tomb:1   | Killed a royal mummy
 41787 | Tomb:1   | Reached skill level 27 in Dodging
 41794 | Tomb:1   | Noticed a royal mummy
 41801 | Tomb:1   | Killed a royal mummy
 41802 | Tomb:1   | Noticed a royal mummy
 41809 | Tomb:1   | Killed a royal mummy
 41816 | Tomb:1   | Noticed a royal mummy
 41818 | Tomb:1   | Noticed a royal mummy
 41820 | Tomb:1   | Killed a royal mummy
 41820 | Tomb:1   | Killed a royal mummy
 41821 | Tomb:1   | Noticed a royal mummy
 41828 | Tomb:1   | Noticed a royal mummy
 41830 | Tomb:1   | Killed a royal mummy
 41831 | Tomb:1   | Killed a royal mummy
 41831 | Tomb:1   | Noticed a royal mummy
 41838 | Tomb:1   | Noticed a royal mummy
 41838 | Tomb:1   | Noticed a royal mummy
 41839 | Tomb:1   | Killed a royal mummy
 41840 | Tomb:1   | Killed a royal mummy
 41841 | Tomb:1   | Killed a royal mummy
 41872 | Tomb:1   | Noticed a royal mummy
 41876 | Tomb:1   | Killed a royal mummy
 41960 | Tomb:2   | Noticed a royal mummy
 41960 | Tomb:2   | Noticed a royal mummy
 41960 | Tomb:2   | Noticed a royal mummy
 41960 | Tomb:2   | Noticed a royal mummy
 41963 | Tomb:2   | Killed a royal mummy
 41963 | Tomb:2   | Killed a royal mummy
 41963 | Tomb:2   | Killed a royal mummy
 41963 | Tomb:2   | Killed a royal mummy
 41964 | Tomb:2   | Reached skill level 27 in Stealth
 42018 | Tomb:3   | Entered Level 3 of the Tomb of the Ancients
 42025 | Tomb:3   | Noticed a royal mummy
 42026 | Tomb:3   | Noticed a royal mummy
 42028 | Tomb:3   | Killed a royal mummy
 42028 | Tomb:3   | Killed a royal mummy
 42028 | Tomb:3   | Noticed a royal mummy
 42029 | Tomb:3   | Reached skill level 27 in Fighting
 42029 | Tomb:3   | Reached skill level 27 in Axes
 42029 | Tomb:3   | Reached skill level 27 in Maces & Flails
 42029 | Tomb:3   | Reached skill level 27 in Staves
 42029 | Tomb:3   | Reached skill level 27 in Throwing
 42029 | Tomb:3   | Reached skill level 27 in Transmutations
 42029 | Tomb:3   | Reached skill level 27 in Evocations
 42030 | Tomb:3   | Killed a royal mummy
 42038 | Tomb:3   | Noticed a royal mummy
 42041 | Tomb:3   | Reached skill level 27 in Fire Magic
 42042 | Tomb:3   | Killed a royal mummy
 42053 | Tomb:3   | Noticed a royal mummy
 42054 | Tomb:3   | Noticed a royal mummy
 42055 | Tomb:3   | Noticed a royal mummy
 42056 | Tomb:3   | Noticed a royal mummy
 42058 | Tomb:3   | Killed a royal mummy
 42058 | Tomb:3   | Noticed a royal mummy
 42059 | Tomb:3   | Killed a royal mummy
 42059 | Tomb:3   | Killed a royal mummy
 42061 | Tomb:3   | Killed a royal mummy
 42061 | Tomb:3   | Killed a royal mummy
 42103 | Tomb:3   | Identified the staff of earth "Kiacw" {Stlth+}
 42119 | Tomb:3   | Identified the +9 demon blade of Brutal Revenge {vamp, rF+}
 42130 | Tomb:3   | Identified the staff of earth "Musiafoa" {rElec rC- SInv
                  | Stlth-}
 42179 | Tomb:3   | Identified the ring of Vonul {Wiz rElec rPois}
 42184 | Tomb:3   | Identified the ring of Utoxuh {rPois Str+2 Int+6}
 42210 | Tomb:3   | Identified the +9 scimitar "Uschigya" {vamp, *Noise rF+ rC+
                  | Will+ Int+3}
 42213 | Tomb:3   | Identified the +5 spear "Heurph" {freeze, *Corrode rElec
                  | rC++}
 42214 | Tomb:3   | Identified the +4 longbow "Ybeofeje" {antimagic, Will+
                  | Str+2}
 42223 | Tomb:3   | Got Afump's Grimoire of the Generative Cumulonimbus
 42277 | Tomb:3   | Got a golden rune of Zot
 42479 | Depths:1 | Bought 10 potions of invisibility for 5280 gold pieces
 42479 | Depths:1 | Bought 10 potions of might for 2640 gold pieces
 42507 | Depths:2 | Bought a wand of roots (4) for 355 gold pieces
 42507 | Depths:2 | Bought a scroll of enchant armour for 277 gold pieces
 42511 | Depths:2 | Bought a scroll of teleportation for 36 gold pieces
 42511 | Depths:2 | Bought a scroll of fog for 48 gold pieces
 42511 | Depths:2 | Bought a scroll of teleportation for 36 gold pieces
 42511 | Depths:2 | Bought a scroll of magic mapping for 90 gold pieces
 42544 | Tar:1    | Entered Level 1 of Tartarus
 42671 | Tar:4    | Reached skill level 24 in Conjurations
 42671 | Tar:4    | Reached skill level 24 in Summonings
 42671 | Tar:4    | Reached skill level 24 in Translocations
 42673 | Tar:4    | Reached skill level 27 in Necromancy
 42744 | Tar:7    | Entered Level 7 of Tartarus
 42751 | Tar:7    | Reached skill level 24 in Hexes
 42751 | Tar:7    | Reached skill level 24 in Ice Magic
 42751 | Tar:7    | Reached skill level 24 in Air Magic
 42751 | Tar:7    | Reached skill level 24 in Poison Magic
 42760 | Tar:7    | Noticed an ancient lich
 42761 | Tar:7    | Noticed a dread lich
 42762 | Tar:7    | Killed an ancient lich
 42762 | Tar:7    | Killed a dread lich
 42786 | Tar:7    | Reached skill level 27 in Earth Magic
 42796 | Tar:7    | Got a bone rune of Zot
 42840 | Pan      | Entered Pandemonium
 42989 | Pan      | Noticed Plog the pandemonium lord
 43003 | Pan      | Killed Plog the pandemonium lord
 43094 | Pan      | Noticed Neewuts the pandemonium lord
 43096 | Pan      | Killed Neewuts the pandemonium lord
 43118 | Pan      | Got a demonic rune of Zot
 43235 | Pan      | Noticed Ypnin the pandemonium lord
 43239 | Pan      | Killed Ypnin the pandemonium lord
 43390 | Pan      | Entered the realm of Mnoleg.
 43432 | Pan      | Noticed Mnoleg
 43437 | Pan      | Killed Mnoleg
 43448 | Pan      | Got a glowing rune of Zot
 43525 | Pan      | Found an exit through the horrors of the Abyss.
 43656 | Pan      | Got Zunipok's Codex of Kinetic Energy and the Snowflakes
 43659 | Pan      | Found a transporter.
 43662 | Pan      | Noticed Ignacio
 43664 | Pan      | Killed Ignacio
 43669 | Pan      | Identified the ring of Starshine {Wiz rElec rPois MP+9}
 43686 | Pan      | Identified the ring of the Unkillable {Ice rElec rPois
                  | Str-4 SInv}
 43825 | Pan      | Noticed Heridopidgh the pandemonium lord
 43827 | Pan      | Killed Heridopidgh the pandemonium lord
 43838 | Pan      | Entered the realm of Lom Lobon.
 43986 | Pan      | Noticed Lom Lobon
 43988 | Pan      | Got a magical rune of Zot
 44128 | Pan      | Entered the realm of Gloorx Vloq.
 44203 | Pan      | Noticed Gloorx Vloq
 44207 | Pan      | Killed Gloorx Vloq
 44216 | Pan      | Got a dark rune of Zot
 44225 | Pan      | Found an exit through the horrors of the Abyss.
 44233 | Pan      | Entered the realm of Cerebov.
 44238 | Pan      | Found the +6 sword of Cerebov {flame}
 44238 | Pan      | Noticed Cerebov
 44242 | Pan      | Killed Cerebov
 44258 | Pan      | Identified the ring of Pilaosar {rN+ Int+4}
 44265 | Pan      | Got a fiery rune of Zot
 44280 | Pan      | Noticed Lom Lobon
 44281 | Pan      | Identified the ring "Ponadesez" {rC+ Int+6}
 44310 | Pan      | Found an exit through the horrors of the Abyss.
 44316 | Pan      | Took an exit into the Abyss.
 44316 | Abyss:5  | Escaped into the Abyss
 44366 | Depths:2 | Escaped the Abyss
 44493 | Zot:5    | Got the Orb of Zot
 44586 | D:14     | Noticed Faraosseyp the pandemonium lord
 44690 | D:$      | Escaped with the Orb!

Illustrated notes

Levels and vault maps discovered:
D:1:      dpeg_arrival_oval, layout_basic
D:2:      layout_rooms, bh_walls_and_bars
D:3:      layout_loops_ring, serial_shops, nicolae_shop_waterfront,
          shapermc_ecumenical_altar_mp_urbaneastern
D:4:      layout_loops_ring, amcnicky_mini_corridor_feature
D:5:      layout_basic, mainiacjoe_overflow_six_doors_small,
          minmay_temple_entry_crystal_x
D:6:      layout_cave_pools, lemuel_round_altar, general_overflow_altar,
          dk_noncrumbling_2, minivault_5, minmay_manual_maat
D:7:      layout_loops_cross, nicolae_underground_beach
D:8:      layout_rooms, kennysheep_little_box,
          mainiacjoe_overflow_concentric_impassable,
          chequers_serial_rivers_large_a, item_on_display_a
D:9:      layout_roguey
D:10:     layout_rooms, lair_entry_dummy, enter_bailey_6, minivault_21,
          uniq_urug
D:11:     minmay_general_purpose_star, layout_loops_ring, david_orc_3
D:12:     layout_basic, ploomutoo_gammafunk_ghost_potion_laboratory
D:13:     layout_roguey, david_vaults_2,
          hellmonk_guarded_unrand_vitality_bloodlust
D:14:     layout_rooms, serial_shops, nicolae_square_shop, uniq_josephine,
          uniq_jorgrun
D:15:     gammafunk_depths_entry_grave, layout_basic,
          dilly_guarded_unrand_elemental_staff
Temple:   minmay_crystal_spiral_temple
Lair:1:   layout_cellular_growth, nicolae_lair_lil_pond,
          grunt_forest_small_clearings, grunt_megastairs_1
Lair:2:   layout_cave_pods, beast_lair_carwin_2, infiniplex_staircase_pool_2
Lair:3:   layout_misc_corridors, shoals_dummy_entry, dummy_snake_entry,
          nzn_sisyphean_effort, infiniplex_staircase_pool, grunt_megastairs_5,
          lemuel_fruit_tree, serial_bayou_shore_b, lemuel_fruit_fields,
          lemuel_fruit_fields
Lair:4:   layout_layer_cave, gammafunk_ghost_wrathful_warriors,
          lemuel_fruit_fields
Lair:5:   minmay_lair_end_frog_pond, layout_cave_pods, slime_entry_1
Shoals:1: layout_shoals, uniq_frances, uniq_aizul, uniq_nikola, uniq_roxanne
Shoals:2: layout_shoals, serial_shops, nicolae_book_shop_shelving
Shoals:3: layout_shoals, serial_shops, nicolae_shop_hallway_stairs,
          nicolae_shoals_water_shrine
Shoals:4: shoals_end_simple, layout_shoals, nicolae_shoals_beach_cooler
Snake:1:  layout_onion_interference
Snake:2:  layout_gridlike
Snake:3:  layout_onion_interference
Snake:4:  grunt_snake_rune_pools, layout_basic, nicolae_snake_gridmaze_waves
Slime:1:  layout_caves, basic_altar
Slime:2:  layout_caves
Slime:3:  layout_caves, dissolution_awaits
Slime:4:  layout_caves
Slime:5
Orc:1:    layout_caves, serial_shops, shop
Orc:2:    grunt_orc_community_town_hall, layout_caves,
          grunt_orc_community_big_house_2, grunt_orc_community_big_house_2,
          grunt_orc_community_house_1, grunt_orc_community_house_2,
          grunt_orc_community_house_2, grunt_orc_community_house_1,
          grunt_orc_community_house_3, grunt_orc_community_house_1, uniq_maurice
Elf:1:    eino_elf_arrival_customs, layout_gridlike,
          hangedman_elven_crosses_minicolossus, ebering_dispersal_statue_hall,
          grunt_megastairs_3
Elf:2:    elven_hall_of_blades_hangedman_original [nicolae_blade_lattice],
          layout_geoelf_grid, portal_desolation_entry_nicolae_nacl,
          lemuel_elevator
Elf:3:    minmay_elf_hall_dome, layout_geoelf_grid, serial_glass,
          glass_columns_c, glass_columns_c
Vaults:1: ontoclasm_vaults_ring_square, hangedman_vaults_cutoff,
          nicolae_vaults_offset_grid_hallway_4, nicolae_vaults_disjoint_gnomons,
          nicolae_vaults_doubleplus_tesselated, ontoclasm_vaults_gallery,
          v_misc_22, v_pattern_1, nicolae_vaults_storage_closets_1,
          nicolae_vaults_trapezoid_2, ontoclasm_vaults_ligature, v_misc_4,
          vaults_dpeg_emergency_exit, vaults_room_door_ring, layout_vaults_ring
Vaults:2: minmay_crypt_entry_necro_gods, hangedman_vaults_stream, v_misc_3,
          not_door_vault_mu, nicolae_vaults_diagonal_hallway_6,
          nicolae_vaults_tetromino_Z_2, nicolae_vaults_two_Ls,
          nicolae_vaults_surprise_closet_hard, layout_vaults_chaotic_city
Vaults:3: vaults_room_hallway, vaults_room_door_hall,
          nicolae_vaults_thirteen_compartments, v_rooms_4, v_misc_29,
          nicolae_vaults_sesquioval_fish, hangedman_vaults_snaps,
          nicolae_vaults_mini_display_case, nicolae_vaults_rhombus_5,
          vaults_room_pool, nicolae_vaults_tetromino_L_2,
          nicolae_vaults_little_squares_1, layout_vaults_maze_bifur,
          serial_shops, shop, shop, uniq_asterion
Vaults:4: infiniplex_enter_wizlab_spiral, v_alt_pattern_1,
          vaults_room_ringed_pool, vaults_mumra_chevron_long,
          hangedman_vaults_river_flow, nicolae_vaults_storage_room_water,
          nicolae_vaults_angled_halls, nicolae_vaults_triangles,
          nicolae_vaults_variable_pillar_hall_cross,
          nicolae_vaults_stepped_doors, nicolae_vaults_tangram_1, v_misc_22,
          nicolae_vaults_little_squares_3, vaults_dpeg_encased_lava,
          layout_vaults_big_cross, nicolae_trove_entry_crossroad
Vaults:5
Crypt:1:  layout_rooms, corexii_hall_statues_i
Crypt:2:  layout_gridlike, st_burial_chamber
Crypt:3:  lightli_unholy_cathedral, layout_chaotic_city,
          tomb_entry_pyramid_bobbens, nicolae_crypt_twisting_catacombs,
          grunt_ministairs_9, nicolae_crypt_soggy_tomb, uniq_mennas,
          uniq_bai_suzhen
Tomb:1
Tomb:2
Tomb:3
Depths:1: layout_basic, serial_shops, nicolae_shop_tiny_glass, pan_entry,
          minmay_misc_feat_rows, nicolae_hell_entry_big_baal_hell,
          minmay_fractal_squares_gapless_7
Depths:2: minmay_outward_triangles, layout_gridville, grunt_pan_entry_sceptre,
          hell_entry, minmay_staircase_statues, minmay_shoptagon,
          serial_bayou_shore_b, roderic_lattice_octagonal_star,
          serial_bayou_shore_b, serial_bayou_shore_b
Depths:3: evilmike_inaccessible_box, layout_basic, enter_ziggurat_f,
          abyss_entry, hell_entry, chequers_big_river, slow_altar_1,
          infiniplex_staircase_zigzag_1
Depths:4: grunt_zot_entry_funnels, layout_gridlike, hell_entry,
          minmay_shop_star, grunt_megastairs_4, uniq_frederick
Hell
Dis:1:    layout_gridville
Dis:2:    layout_regular_city
Dis:4:    layout_gridville
Dis:5:    layout_jigsaw, nrook_loot_triangle
Dis:6:    layout_overlapping_boxes, evilmike_ambush
          [evilmike_ambush_outer_basic, evilmike_ambush_inner_basic]
Dis:7:    dis_grunt_layers
Geh:1:    layout_gehenna_lava_caves, lemuel_flamethrower_2
Geh:2:    layout_gehenna_lava_caves, special_room [special_room_morgue]
Geh:3:    layout_gehenna_pools_basic, nicolae_geh_fourpack
Geh:4:    layout_gehenna_pools_box, special_room [special_room_morgue]
Geh:5:    layout_gehenna_pools_basic, nicolae_geh_lava_shack
Geh:6:    layout_gehenna_lava_caves
Geh:7:    geh_grunt
Coc:1:    layout_cocytus_water_paths
Coc:2:    layout_cocytus_water_paths
Coc:3:    layout_ice_bergs, serial_ice, serial_ice_d
Coc:4:    layout_cocytus_delve
Coc:5:    layout_ice_bergs, serial_ice, serial_ice_g, serial_ice_a,
          serial_ice_e, serial_ice_n
Coc:6:    nicolae_coc_three_more_mouths, layout_cocytus_delve,
          nicolae_hells_hurtin_island
Coc:7:    coc_dpeg
Tar:1:    layout_catacombs, nicolae_tar_cuneiform_city
Tar:2:    layout_catacombs
Tar:3:    layout_grid_maze
Tar:4:    layout_honeycomb, nicolae_tar_cuneiform_water,
          nicolae_tar_stay_or_leave
Tar:5:    layout_grid_maze
Tar:6:    layout_honeycomb
Tar:7:    tar_grunt_cathedral
Zot:1:    kennysheep_ambush_hall, layout_misc_corridors
Zot:2:    layout_basic
Zot:3:    kennysheep_bubbly, layout_basic, ebering_ghost_rock_garden
Zot:4:    layout_onion_interference
Zot:5:    layout_concentric_octagons, lemuel_lake_of_fire

Skill      XL: |  1  2  3  4  5  6  7  8  9 10 11 12 13 14 15 16 17 18 19 20 21 22 23 24 25 26 27 |
---------------+----------------------------------------------------------------------------------+-----
Conjurations   | 2 3 4 5 6 7 8 9 10 11 12 13 14 15 26 | 26.9
Summonings     | 2 3 4 5 6 7 8 9 10 11 12 13 14 15 26 | 26.9
Translocations | 2 3 4 5 6 7 8 9 10 11 12 13 14 15 26 | 26.9
Invocations    | 1 2 3 4 5 6 7 8 9 10 11 12 13 14 15 16 17 18 19 27 | 27.0
Fighting       | 1 2 3 5 6 7 8 9 10 11 12 13 14 15 16 17 18 27 | 27.0
Short Blades   | 1 2 3 4 6 7 9 10 12 13 14 15 16 17 18 19 20 21 22 23 24 27 | 27.0
Long Blades    | 1 2 3 5 6 7 8 9 10 11 12 13 14 15 16 17 18 27 | 27.0
Axes           | 1 2 3 5 6 7 8 9 10 11 12 13 14 15 16 17 18 27 | 27.0
Maces & Flails | 1 2 3 5 6 7 8 9 10 11 12 13 14 15 16 17 18 27 | 27.0
Polearms       | 1 2 3 5 6 7 8 9 10 11 12 13 14 15 16 17 18 27 | 27.0
Staves         | 1 2 3 5 6 7 8 9 10 11 12 13 14 15 16 17 18 27 | 27.0
Ranged Weapons | 1 2 3 5 6 7 8 9 10 11 12 13 14 15 16 17 18 27 | 27.0
Throwing       | 1 2 3 5 6 7 8 9 10 11 12 13 14 15 16 17 18 27 | 27.0
Armour         | 1 2 3 5 6 7 8 9 10 11 12 13 14 15 16 17 18 27 | 27.0
Shields        | 1 2 3 5 6 7 8 9 10 11 12 13 14 15 16 17 18 27 | 27.0
Unarmed Combat | 1 2 3 5 6 7 8 9 10 11 12 13 14 15 16 17 18 27 | 27.0
Evocations     | 1 2 3 5 6 7 8 9 10 11 12 13 14 15 16 17 18 27 | 27.0
Hexes          | 1 2 3 4 5 6 7 8 9 10 11 12 13 14 15 26 | 26.8
Necromancy     | 1 2 3 4 5 6 7 8 9 10 11 12 13 14 15 27 | 27.0
Transmutations | 1 2 3 4 5 6 7 8 9 10 11 12 13 14 15 16 17 27 | 27.0
Fire Magic     | 1 2 3 4 5 6 7 8 9 10 11 12 13 14 15 27 | 27.0
Ice Magic      | 1 2 3 4 5 6 7 8 9 10 11 12 13 14 15 26 | 26.8
Air Magic      | 1 2 3 4 5 6 7 8 9 10 11 12 13 14 15 26 | 26.8
Earth Magic    | 1 2 3 4 5 6 7 8 9 10 11 12 13 14 15 27 | 27.0
Poison Magic   | 1 2 3 4 5 6 7 8 9 10 11 12 13 14 15 26 | 26.8
Dodging        | 5 6 7 8 9 10 11 12 13 14 15 16 17 18 27 | 27.0
Stealth        | 5 6 7 8 9 10 11 12 13 14 15 16 17 18 27 | 27.0
Spellcasting   | 8 9 10 11 12 13 14 15 16 17 18 19 27 | 27.0

Action                     |  1- 3 |  4- 6 |  7- 9 | 10-12 | 13-15 | 16-18 | 19-21 | 22-24 | 25-27 || total
---------------------------+-------+-------+-------+-------+-------+-------+-------+-------+-------++-------
  Melee: Dagger            |    54 |    24 |     8 |       |       |       |       |       |       ||    86
         Mace              |     7 |       |       |       |       |       |       |       |       ||     7
         Bite              |     4 |     4 |     1 |    24 |    38 |     4 |       |     8 |    13 ||    96
         Punch             |     1 |       |       |       |     6 |       |       |       |       ||     7
         Staff             |       |     4 |       |       |    35 |    12 |     1 |       |   108 ||   160
         Battleaxe         |       |       |     9 |   190 |   170 |       |       |       |       ||   369
         Flail             |       |       |       |       |    24 |       |       |       |       ||    24
         Sacred scourge    |       |       |       |       |       |       |       |    15 |       ||    15
  Throw: Throwing net      |       |       |       |     1 |       |       |       |       |       ||     1
         Boomerang         |       |       |       |     5 |    25 |       |    61 |     3 |   160 ||   254
         Javelin           |       |       |       |       |       |       |     1 |       |     7 ||     8
   Cast: Magic Dart        |    47 |       |       |       |       |       |       |       |       ||    47
         Shock             |       |    98 |   132 |   186 |    46 |       |       |       |       ||   462
         Mephitic Cloud    |       |     1 |     8 |    11 |     5 |       |       |       |       ||    25
         Lesser Beckoning  |       |       |     4 |    10 |    18 |       |    15 |       |       ||    47
         Blink             |       |       |     1 |       |    31 |    11 |    41 |    36 |   251 ||   371
         Iskenderun's Batt |       |       |       |    41 |    22 |       |       |       |       ||    63
         Iron Shot         |       |       |       |       |   178 |     2 |   322 |    95 |   465 ||  1062
         Sublimation of Bl |       |       |       |       |    78 |   109 |   415 |   307 |  1665 ||  2574
         Plasma Beam       |       |       |       |       |    48 |   145 |   310 |   241 |   607 ||  1351
         Spellforged Servi |       |       |       |       |       |     1 |     2 |       |       ||     3
         Passage of Golubr |       |       |       |       |       |       |   361 |   653 |  2410 ||  3424
         Apportation       |       |       |       |       |       |       |    70 |   111 |   823 ||  1004
         Passwall          |       |       |       |       |       |       |    39 |    58 |   228 ||   325
         Borgnjor's Vile C |       |       |       |       |       |       |    23 |    39 |    10 ||    72
         Ozocubu's Refrige |       |       |       |       |       |       |       |    98 |   233 ||   331
         Ignition          |       |       |       |       |       |       |       |    43 |   303 ||   346
         Necromutation     |       |       |       |       |       |       |       |     1 |    87 ||    88
         Shatter           |       |       |       |       |       |       |       |       |   625 ||   625
         Fire Storm        |       |       |       |       |       |       |       |       |    88 ||    88
         Polar Vortex      |       |       |       |       |       |       |       |       |    50 ||    50
         Vhi's Electric Ch |       |       |       |       |       |       |       |       |    10 ||    10
         Disjunction       |       |       |       |       |       |       |       |       |     1 ||     1
 Invoke: Slouch            |       |       |       |       |     8 |       |     4 |       |    11 ||    23
Ability: End Transformatio |       |       |       |       |       |       |       |     1 |    81 ||    82
  Evoke: Wand              |       |       |    14 |    15 |    17 |       |     1 |       |    70 ||   117
         Lightning rod     |       |       |       |       |       |       |       |       |     2 ||     2
    Use: Scroll            |     3 |     7 |     9 |     8 |     8 |     6 |     4 |     4 |    59 ||   108
         Potion            |       |       |       |     2 |     3 |     2 |     2 |     1 |    54 ||    64
   Stab: Sleeping          |     4 |     3 |       |    18 |     3 |       |       |       |     1 ||    29
         Betrayed ally     |       |       |     1 |       |       |       |       |       |       ||     1
         Held in net/web   |       |       |       |     1 |       |       |       |       |       ||     1
         Confused          |       |       |       |     1 |     2 |       |       |       |       ||     3
         Distracted        |       |       |       |       |       |       |     1 |       |     1 ||     2
 Armour: Robe              |     6 |    18 |     9 |       |       |       |       |       |       ||    33
         Troll leather arm |       |       |     6 |    58 |    80 |     7 |    35 |    27 |   125 ||   338
  Dodge: Dodged            |    26 |    27 |    53 |   277 |   324 |    42 |   154 |    75 |   501 ||  1479
  Block: Kite shield       |       |       |       |       |       |       |   129 |    83 |   356 ||   568
         Tower shield      |       |       |       |       |       |       |       |       |   187 ||   187

Table legend: (Time is in decaauts)
 A = Elapsed time spent in this place.
 B = Non-inter-level travel time spent in this place.
 C = Inter-level travel time spent in this place.
 D = Time resting spent in this place.
 E = Time spent auto-exploring this place.
 F = Levels seen in this place.
 G = Mean time per level.
                   A        B        C        D        E       F      G
               +--------+--------+--------+--------+--------+-----+--------+
         Total |  62314 |  57846 |   4468 |    260 |      0 | 138 |  451.6 |
       Dungeon |  16020 |  13373 |   2647 |     63 |      0 |  15 | 1068.0 |
        Temple |     16 |     16 |      0 |      0 |      0 |   1 |   16.0 |
          Lair |   6862 |   5817 |   1045 |      0 |      0 |   5 | 1372.4 |
        Shoals |   4898 |   4846 |     52 |     30 |      0 |   4 | 1224.5 |
     Snake Pit |   5034 |   4701 |    333 |     19 |      0 |   4 | 1258.5 |
    Slime Pits |    456 |    456 |      0 |      0 |      0 |   5 |   91.2 |
  Orcish Mines |   2525 |   2167 |    358 |      3 |      0 |   2 | 1262.5 |
   Elven Halls |   2104 |   2104 |      0 |      0 |      0 |   3 |  701.3 |
        Vaults |   4585 |   4565 |     20 |      0 |      0 |   5 |  917.0 |
         Crypt |   2136 |   2136 |      0 |      0 |      0 |   3 |  712.0 |
          Tomb |   1222 |   1222 |      0 |     12 |      0 |   3 |  407.3 |
        Depths |   3630 |   3620 |     10 |     22 |      0 |   4 |  907.5 |
          Hell |    438 |    438 |      0 |      0 |      0 |   1 |  438.0 |
           Dis |   1463 |   1461 |      2 |      5 |      0 |   6 |  243.8 |
       Gehenna |   1340 |   1340 |      0 |      7 |      0 |   7 |  191.4 |
       Cocytus |    983 |    983 |      0 |     30 |      0 |   7 |  140.4 |
      Tartarus |    339 |    339 |      0 |      0 |      0 |   7 |   48.4 |
           Zot |   3520 |   3520 |      0 |     14 |      0 |   5 |  704.0 |
         Abyss |    356 |    356 |      0 |      0 |      0 |   6 |   59.3 |
   Pandemonium |   1648 |   1648 |      0 |     29 |      0 |  14 |  117.7 |
      Ziggurat |   1442 |   1442 |      0 |     26 |      0 |  27 |   53.4 |
         Trove |     55 |     55 |      0 |      0 |      0 |   1 |   55.0 |
        Bailey |    329 |    329 |      0 |      0 |      0 |   1 |  329.0 |
        Wizlab |    319 |    319 |      0 |      0 |      0 |   1 |  319.0 |
    Desolation |    585 |    585 |      0 |      0 |      0 |   1 |  585.0 |
               +--------+--------+--------+--------+--------+-----+--------+

Top non-repeatable levels by time:
    D:12: 1913 daAuts
   Orc:2: 1794 daAuts
  Lair:4: 1734 daAuts
    D:13: 1602 daAuts
 Snake:1: 1471 daAuts
Shoals:4: 1469 daAuts
    D:11: 1453 daAuts
  Lair:2: 1445 daAuts
    D:15: 1391 daAuts
  Lair:1: 1374 daAuts
    D:10: 1319 daAuts
 Snake:4: 1305 daAuts
Shoals:3: 1228 daAuts
 Snake:3: 1210 daAuts
Depths:3: 1199 daAuts

Table legend:
 A = Kills in this place as a percentage of kills in the entire game.
 B = Kills by you in this place as a percentage of kills by you in the entire game.
 C = Kills by friends in this place as a percentage of kills by friends in the entire game.
 D = Other kills in this place as a percentage of other kills in the entire game.
 E = Experience gained in this place as a percentage of experience gained in the entire game.
 F = Experience gained in this place divided by the number of levels of this place that you have seen.
                   A       B       C       D       E      F
               +-------+-------+-------+-------+-------+----------------------
         Total | 100.0 | 100.0 | 100.0 | 100.0 | 100.0 | 27949.8
       Dungeon |   7.1 |   6.8 |  23.5 |  56.2 |   1.9 | 4761.9
          Lair |   3.5 |   3.5 |   0.0 |   0.0 |   1.5 | 11712.8
        Shoals |   4.4 |   4.4 |   8.8 |   0.0 |   2.7 | 25830.8
     Snake Pit |   4.0 |   3.9 |  11.8 |   6.2 |   2.5 | 23895.8
    Slime Pits |   2.8 |   2.8 |   5.9 |   0.0 |   1.9 | 14451.8
  Orcish Mines |   2.4 |   2.5 |   0.0 |   0.0 |   0.3 | 5787.0
   Elven Halls |   3.6 |   3.6 |   0.0 |   0.0 |   3.2 | 40670.3
        Vaults |   8.7 |   8.7 |   0.0 |   0.0 |   8.5 | 65282.6
         Crypt |   4.1 |   4.1 |   0.0 |   0.0 |   3.7 | 47267.7
          Tomb |   6.1 |   6.2 |   0.0 |   0.0 |   7.0 | 89860.7
        Depths |   6.0 |   6.0 |   0.0 |   0.0 |   6.7 | 64708.8
          Hell |   1.6 |   1.6 |   0.0 |   0.0 |   1.3 | 48828.0
           Dis |   3.8 |   3.9 |   0.0 |   6.2 |   7.5 | 48107.3
       Gehenna |   2.5 |   2.6 |   0.0 |   0.0 |   3.5 | 19531.3
       Cocytus |   4.1 |   4.0 |   0.0 |  18.8 |   5.3 | 29069.4
      Tartarus |   1.4 |   1.4 |   0.0 |   0.0 |   2.4 | 13305.1
           Zot |   4.7 |   4.8 |   0.0 |   0.0 |   9.2 | 70782.2
         Abyss |   0.8 |   0.8 |   0.0 |   0.0 |   0.9 | 5597.8
   Pandemonium |   6.9 |   7.0 |   0.0 |   0.0 |   7.8 | 21615.4
      Ziggurat |  18.6 |  18.4 |  44.1 |  12.5 |  20.8 | 29688.4
        Bailey |   0.5 |   0.4 |   5.9 |   0.0 |   0.0 | 446.0
        Wizlab |   0.7 |   0.7 |   0.0 |   0.0 |   0.6 | 23203.0
    Desolation |   1.8 |   1.9 |   0.0 |   0.0 |   1.0 | 39534.0
               +-------+-------+-------+-------+-------+----------------------

Levels and vault maps discovered:
D:1:      dpeg_arrival_oval, layout_basic
D:2:      layout_rooms, bh_walls_and_bars
D:3:      layout_loops_ring, serial_shops, nicolae_shop_waterfront,
          shapermc_ecumenical_altar_mp_urbaneastern
D:4:      layout_loops_ring, amcnicky_mini_corridor_feature
D:5:      layout_basic, mainiacjoe_overflow_six_doors_small,
          minmay_temple_entry_crystal_x
D:6:      layout_cave_pools, lemuel_round_altar, general_overflow_altar,
          dk_noncrumbling_2, minivault_5, minmay_manual_maat
D:7:      layout_loops_cross, nicolae_underground_beach
D:8:      layout_rooms, kennysheep_little_box,
          mainiacjoe_overflow_concentric_impassable,
          chequers_serial_rivers_large_a, item_on_display_a
D:9:      layout_roguey
D:10:     layout_rooms, lair_entry_dummy, enter_bailey_6, minivault_21,
          uniq_urug
D:11:     minmay_general_purpose_star, layout_loops_ring, david_orc_3
D:12:     layout_basic, ploomutoo_gammafunk_ghost_potion_laboratory
D:13:     layout_roguey, david_vaults_2,
          hellmonk_guarded_unrand_vitality_bloodlust
D:14:     layout_rooms, serial_shops, nicolae_square_shop, uniq_josephine,
          uniq_jorgrun
D:15:     gammafunk_depths_entry_grave, layout_basic,
          dilly_guarded_unrand_elemental_staff
Temple:   minmay_crystal_spiral_temple
Lair:1:   layout_cellular_growth, nicolae_lair_lil_pond,
          grunt_forest_small_clearings, grunt_megastairs_1
Lair:2:   layout_cave_pods, beast_lair_carwin_2, infiniplex_staircase_pool_2
Lair:3:   layout_misc_corridors, shoals_dummy_entry, dummy_snake_entry,
          nzn_sisyphean_effort, infiniplex_staircase_pool, grunt_megastairs_5,
          lemuel_fruit_tree, serial_bayou_shore_b, lemuel_fruit_fields,
          lemuel_fruit_fields
Lair:4:   layout_layer_cave, gammafunk_ghost_wrathful_warriors,
          lemuel_fruit_fields
Lair:5:   minmay_lair_end_frog_pond, layout_cave_pods, slime_entry_1
Shoals:1: layout_shoals, uniq_frances, uniq_aizul, uniq_nikola, uniq_roxanne
Shoals:2: layout_shoals, serial_shops, nicolae_book_shop_shelving
Shoals:3: layout_shoals, serial_shops, nicolae_shop_hallway_stairs,
          nicolae_shoals_water_shrine
Shoals:4: shoals_end_simple, layout_shoals, nicolae_shoals_beach_cooler
Snake:1:  layout_onion_interference
Snake:2:  layout_gridlike
Snake:3:  layout_onion_interference
Snake:4:  grunt_snake_rune_pools, layout_basic, nicolae_snake_gridmaze_waves
Slime:1:  layout_caves, basic_altar
Slime:2:  layout_caves
Slime:3:  layout_caves, dissolution_awaits
Slime:4:  layout_caves
Slime:5
Orc:1:    layout_caves, serial_shops, shop
Orc:2:    grunt_orc_community_town_hall, layout_caves,
          grunt_orc_community_big_house_2, grunt_orc_community_big_house_2,
          grunt_orc_community_house_1, grunt_orc_community_house_2,
          grunt_orc_community_house_2, grunt_orc_community_house_1,
          grunt_orc_community_house_3, grunt_orc_community_house_1, uniq_maurice
Elf:1:    eino_elf_arrival_customs, layout_gridlike,
          hangedman_elven_crosses_minicolossus, ebering_dispersal_statue_hall,
          grunt_megastairs_3
Elf:2:    elven_hall_of_blades_hangedman_original [nicolae_blade_lattice],
          layout_geoelf_grid, portal_desolation_entry_nicolae_nacl,
          lemuel_elevator
Elf:3:    minmay_elf_hall_dome, layout_geoelf_grid, serial_glass,
          glass_columns_c, glass_columns_c
Vaults:1: ontoclasm_vaults_ring_square, hangedman_vaults_cutoff,
          nicolae_vaults_offset_grid_hallway_4, nicolae_vaults_disjoint_gnomons,
          nicolae_vaults_doubleplus_tesselated, ontoclasm_vaults_gallery,
          v_misc_22, v_pattern_1, nicolae_vaults_storage_closets_1,
          nicolae_vaults_trapezoid_2, ontoclasm_vaults_ligature, v_misc_4,
          vaults_dpeg_emergency_exit, vaults_room_door_ring, layout_vaults_ring
Vaults:2: minmay_crypt_entry_necro_gods, hangedman_vaults_stream, v_misc_3,
          not_door_vault_mu, nicolae_vaults_diagonal_hallway_6,
          nicolae_vaults_tetromino_Z_2, nicolae_vaults_two_Ls,
          nicolae_vaults_surprise_closet_hard, layout_vaults_chaotic_city
Vaults:3: vaults_room_hallway, vaults_room_door_hall,
          nicolae_vaults_thirteen_compartments, v_rooms_4, v_misc_29,
          nicolae_vaults_sesquioval_fish, hangedman_vaults_snaps,
          nicolae_vaults_mini_display_case, nicolae_vaults_rhombus_5,
          vaults_room_pool, nicolae_vaults_tetromino_L_2,
          nicolae_vaults_little_squares_1, layout_vaults_maze_bifur,
          serial_shops, shop, shop, uniq_asterion
Vaults:4: infiniplex_enter_wizlab_spiral, v_alt_pattern_1,
          vaults_room_ringed_pool, vaults_mumra_chevron_long,
          hangedman_vaults_river_flow, nicolae_vaults_storage_room_water,
          nicolae_vaults_angled_halls, nicolae_vaults_triangles,
          nicolae_vaults_variable_pillar_hall_cross,
          nicolae_vaults_stepped_doors, nicolae_vaults_tangram_1, v_misc_22,
          nicolae_vaults_little_squares_3, vaults_dpeg_encased_lava,
          layout_vaults_big_cross, nicolae_trove_entry_crossroad
Vaults:5
Crypt:1:  layout_rooms, corexii_hall_statues_i
Crypt:2:  layout_gridlike, st_burial_chamber
Crypt:3:  lightli_unholy_cathedral, layout_chaotic_city,
          tomb_entry_pyramid_bobbens, nicolae_crypt_twisting_catacombs,
          grunt_ministairs_9, nicolae_crypt_soggy_tomb, uniq_mennas,
          uniq_bai_suzhen
Tomb:1
Tomb:2
Tomb:3
Depths:1: layout_basic, serial_shops, nicolae_shop_tiny_glass, pan_entry,
          minmay_misc_feat_rows, nicolae_hell_entry_big_baal_hell,
          minmay_fractal_squares_gapless_7
Depths:2: minmay_outward_triangles, layout_gridville, grunt_pan_entry_sceptre,
          hell_entry, minmay_staircase_statues, minmay_shoptagon,
          serial_bayou_shore_b, roderic_lattice_octagonal_star,
          serial_bayou_shore_b, serial_bayou_shore_b
Depths:3: evilmike_inaccessible_box, layout_basic, enter_ziggurat_f,
          abyss_entry, hell_entry, chequers_big_river, slow_altar_1,
          infiniplex_staircase_zigzag_1
Depths:4: grunt_zot_entry_funnels, layout_gridlike, hell_entry,
          minmay_shop_star, grunt_megastairs_4, uniq_frederick
Hell
Dis:1:    layout_gridville
Dis:2:    layout_regular_city
Dis:4:    layout_gridville
Dis:5:    layout_jigsaw, nrook_loot_triangle
Dis:6:    layout_overlapping_boxes, evilmike_ambush
          [evilmike_ambush_outer_basic, evilmike_ambush_inner_basic]
Dis:7:    dis_grunt_layers
Geh:1:    layout_gehenna_lava_caves, lemuel_flamethrower_2
Geh:2:    layout_gehenna_lava_caves, special_room [special_room_morgue]
Geh:3:    layout_gehenna_pools_basic, nicolae_geh_fourpack
Geh:4:    layout_gehenna_pools_box, special_room [special_room_morgue]
Geh:5:    layout_gehenna_pools_basic, nicolae_geh_lava_shack
Geh:6:    layout_gehenna_lava_caves
Geh:7:    geh_grunt
Coc:1:    layout_cocytus_water_paths
Coc:2:    layout_cocytus_water_paths
Coc:3:    layout_ice_bergs, serial_ice, serial_ice_d
Coc:4:    layout_cocytus_delve
Coc:5:    layout_ice_bergs, serial_ice, serial_ice_g, serial_ice_a,
          serial_ice_e, serial_ice_n
Coc:6:    nicolae_coc_three_more_mouths, layout_cocytus_delve,
          nicolae_hells_hurtin_island
Coc:7:    coc_dpeg
Tar:1:    layout_catacombs, nicolae_tar_cuneiform_city
Tar:2:    layout_catacombs
Tar:3:    layout_grid_maze
Tar:4:    layout_honeycomb, nicolae_tar_cuneiform_water,
          nicolae_tar_stay_or_leave
Tar:5:    layout_grid_maze
Tar:6:    layout_honeycomb
Tar:7:    tar_grunt_cathedral
Zot:1:    kennysheep_ambush_hall, layout_misc_corridors
Zot:2:    layout_basic
Zot:3:    kennysheep_bubbly, layout_basic, ebering_ghost_rock_garden
Zot:4:    layout_onion_interference
Zot:5:    layout_concentric_octagons, lemuel_lake_of_fire
